 Dungeon Crawl Stone Soup version 0.25-a0-598-gc9c9e4c (webtiles) character file.

Game seed: 7165447645573926312, levelgen mode: deterministic

1389021 BlueFish the Minotaur Barricade (level 27, -7/237 (245) HPs)
             Began as a Minotaur Fighter on Mar 14, 2020.
             Was a High Priest of Zin.
             Killed by divine providence
             ... invoked by a greater mummy
              (14 damage)
             ... on level 1 of the Tomb of the Ancients on Mar 15, 2020.
             The game lasted 07:13:26 (141111 turns).

BlueFish the Minotaur Barricade (MiFi)            Turns: 141111, Time: 07:13:27

HP:   -7/237 (245)  AC: 50    Str: 34    XL:     27
MP:   35/35         EV: 39    Int: 20    God:    Zin [*****.]
Gold: 11406         SH: 38    Dex: 43    Spells: 26/26 levels left

rFire    + . .     SeeInvis .   U - +9 eudemon blade (holy)
rCold    + + .     Gourm    .   Z - +2 tower shield of Henotheism {*Contam rF+ Regen+}
rNeg     + . .     Faith    .   R - +8 orange crystal plate armour {Archmagi, Int+3 Clar}
rPois    ∞         Spirit   .   L - +2 hat
rElec    +         Reflect  +   i - +1 cloak of Starlight {rElec rC+ EV+4 Stlth--}
rCorr    .         Harm     .   n - +0 pair of fencer's gloves {Riposte Dex+3}
MR       ++...     Clarity  +   P - +2 pair of boots
Stlth    ..........             j - amulet of the Tired Suns {Reflect Fragile +Blink rPois Dex+4 SH+5}
HPRegen  0.00/turn              p - ring of Puz Uffa {+Inv rC+ rN+ Dex+4 Stlth-}
MPRegen  0.24/turn              a - ring "Seov" {rElec Str+4 Int+4 Dex+4 Stlth-}

@: lethally poisoned (-7 -> -7), vitalised, non-regenerating, mildly diseased,
slowed, lightly drained, very slow
A: retaliatory headbutt, horns 2, clumsy 1, deterioration 1, frail 1, low mp 1
}: 14/15 runes: barnacled, slimy, silver, iron, obsidian, icy, bone, abyssal,
demonic, glowing, magical, fiery, dark, gossamer
a: Recite, Vitalisation, Imprison, Sanctuary, Donate Gold, Renounce Religion,
Evoke Blink, Evoke Invisibility


You were on level 1 of the Tomb of the Ancients.
You worshipped Zin.
Zin was extremely pleased with you.
You were not hungry.

You visited 17 branches of the dungeon, and saw 84 of its levels.
You visited Pandemonium 2 times, and saw 21 of its levels.
You visited the Abyss 3 times.
You visited 1 bazaar.
You also visited: Trove, Ossuary, Ice Cave, Volcano and Wizlab.

You collected 16374 gold pieces.
You spent 4594 gold pieces at shops.
You donated 374 gold pieces to Zin.

Inventory:

Hand Weapons
 U - a +9 eudemon blade of holy wrath (weapon)
Armour
 i - the +1 cloak of Starlight (worn) {rElec rC+ EV+4 Stlth--}
   (You found it in a wizard's laboratory)

   It affects your evasion (+4).
   It protects you from cold.
   It insulates you from electricity.
   It makes you much less stealthy.
 n - the +0 pair of fencer's gloves (worn) {Riposte Dex+3}
   (You found it on level 7 of Tartarus)

   It affects your dexterity (+3).
 w - the +2 shield of Resistance {rF+ rC+ MR+}
   (You found it on level 4 of the Shoals)

   It protects you from fire.
   It protects you from cold.
   It affects your resistance to hostile enchantments.
 L - a +2 hat (worn)
 O - the +2 pair of gloves of the Princess {Str+3}
   (You found it in an ice cave)

   It affects your strength (+3).
 P - a +2 pair of boots (worn)
 R - the +8 orange crystal plate armour (worn) {Archmagi, Int+3 Clar}
   (You acquired it on level 1 of the Elven Halls)

   It affects your intelligence (+3).
   It protects you against confusion.
 W - the +1 pair of gloves of Mirth {rElec rN+++ MR- SInv}
   (You found it in Pandemonium)

   It insulates you from electricity.
   It renders you almost immune to negative energy.
   It affects your resistance to hostile enchantments.
   It lets you see invisible.
 Z - the +2 tower shield of Henotheism (worn) {*Contam rF+ Regen+}
   (You found it on level 7 of Gehenna)

   It protects you from fire.
   It causes magical contamination when unequipped.
   It increases your rate of regeneration.
Jewellery
 a - the ring "Seov" (right hand) {rElec Str+4 Int+4 Dex+4 Stlth-}
   (You found it in Pandemonium)

   [ring of intelligence]

   It affects your strength (+4).
   It affects your intelligence (+4).
   It affects your dexterity (+4).
   It insulates you from electricity.
   It makes you less stealthy.
 c - the ring "Geiqiabe" {rElec SInv}
   (You found it in Pandemonium)

   [ring of see invisible]

   It insulates you from electricity.
   It lets you see invisible.
 j - the amulet of the Tired Suns (around neck) {Reflect Fragile +Blink rPois Dex+4 SH+5}
   (You found it on level 5 of the Pits of Slime)

   [amulet of reflection]

   It shields you and reflects attacks.
   It affects your dexterity (+4).
   It protects you from poison.
   It lets you blink.
   It will be destroyed if unequipped.
   It affects your SH (+5).
 l - an uncursed ring of positive energy
 p - the ring of Puz Uffa (left hand) {+Inv rC+ rN+ Dex+4 Stlth-}
   (You found it on level 3 of the Elven Halls)

   [ring of dexterity]

   It affects your dexterity (+4).
   It protects you from cold.
   It protects you from negative energy.
   It lets you turn invisible.
   It makes you less stealthy.
 x - the amulet of Wicaneq {Reflect rC+ Dex+3 SH+3}
   (You found it on level 7 of the Iron City of Dis)

   [amulet of reflection]

   It shields you and reflects attacks.
   It affects your dexterity (+3).
   It protects you from cold.
   It affects your SH (+3).
 D - an uncursed ring of protection from fire
 G - an uncursed ring of resist corrosion
 I - the amulet of the Empire {rN+ Regen+}
   (You found it in Pandemonium)

   [amulet of regeneration]

   It protects you from negative energy.
   It increases your rate of regeneration.
 J - the amulet of the Heavens {+Rage rElec rPois}
   (You found it in a treasure trove)

   [amulet of rage]

   It insulates you from electricity.
   It protects you from poison.
   It lets you go berserk.
 S - an uncursed ring of protection from magic
Wands
 E - a wand of digging (37)
Scrolls
 s - 12 scrolls of enchant armour
 t - 45 scrolls of remove curse
 u - 3 scrolls of blinking
 y - 16 scrolls of enchant weapon
 z - 11 scrolls of magic mapping
 B - 3 scrolls of silence
 C - 11 scrolls of fog
 F - a scroll of teleportation
 H - 9 scrolls of fear
 K - 29 scrolls of identify
 N - 6 scrolls of holy word
 Q - 21 scrolls of amnesia
 T - 4 scrolls of summoning
Potions
 b - a potion of invisibility
 e - 9 potions of might
 g - 36 potions of curing
 h - 17 potions of brilliance
 k - a potion of resistance
 m - 13 potions of magic
 o - 16 potions of mutation
 q - 12 potions of flight
 r - 15 potions of haste
 v - 6 potions of berserk rage
 V - 8 potions of cancellation
 X - 4 potions of ambrosia
 Y - 15 potions of stabbing
Comestibles
 f - 52 rations


   Skills:
 O Level 27(26.0) Fighting
   Level 0.9(16.6) Short Blades
 O Level 27(26.0) Long Blades
   Level 13.9(13.1) Staves
 O Level 27(26.0) Throwing
 O Level 27(26.0) Armour
 O Level 27(26.0) Dodging
 + Level 3.9(3.3) Stealth
 O Level 27(26.0) Shields
 O Level 27(26.0) Unarmed Combat
 O Level 27(26.0) Invocations


You had 26 spell levels left.
You didn't know any spells.
Your spell library contained the following spells:

 Spells                   Type           Power        Failure   Level  Hunger
 Animate Skeleton         Necr           N/A          65%         1    ##.....
 Apportation              Tloc           #.....       65%         1    ##.....
 Corona                   Hex            #......      65%         1    ##.....
 Foxfire                  Conj/Fire      #...         65%         1    ##.....
 Freeze                   Ice            #...         65%         1    ##.....
 Infusion                 Chrm           #...         65%         1    ##.....
 Magic Dart               Conj           #...         65%         1    ##.....
 Pain                     Necr           #...         65%         1    ##.....
 Sandblast                Erth           #.....       65%         1    ##.....
 Shock                    Conj/Air       #...         65%         1    ##.....
 Sting                    Tmut/Pois      #...         65%         1    ##.....
 Summon Butterflies       Summ           #.......     65%         1    ##.....
 Summon Small Mammal      Summ           #...         65%         1    ##.....
 Blink                    Tloc           N/A          80%         2    ###....
 Call Imp                 Summ           #.......     80%         2    ###....
 Corpse Rot               Necr/Air       N/A          80%         2    ###....
 Ensorcelled Hibernation  Hex/Ice        #.....       80%         2    ###....
 Passwall                 Tmut/Erth      #.......     80%         2    ###....
 Poisonous Vapours        Pois/Air       #.....       80%         2    ###....
 Searing Ray              Conj           #.....       80%         2    ###....
 Shroud of Golubria       Chrm/Tloc      #.....       80%         2    ###....
 Slow                     Hex            #.......     80%         2    ###....
 Song of Slaying          Chrm           #.......     80%         2    ###....
 Sublimation of Blood     Necr           #.........   80%         2    ###....
 Swiftness                Chrm/Air       #.......     80%         2    ###....
 Call Canine Familiar     Summ           #.......     95%         3    ####...
 Confusing Touch          Hex            #.......     95%         3    ####...
 Conjure Flame            Conj/Fire      #.......     95%         3    ####...
 Dazzling Flash           Conj/Hex       #.....       95%         3    ####...
 Frozen Ramparts          Ice            #.....       95%         3    ####...
 Gell's Gravitas          Tloc           #.........   95%         3    ####...
 Ignite Poison            Fire/Tmut/Pois #.......     95%         3    ####...
 Inner Flame              Hex/Fire       #.......     95%         3    ####...
 Lesser Beckoning         Tloc           #.........   95%         3    ####...
 Mephitic Cloud           Conj/Pois/Air  #.......     95%         3    ####...
 Ozocubu's Armour         Chrm/Ice       #.......     95%         3    ####...
 Portal Projectile        Hex/Tloc       #.....       95%         3    ####...
 Recall                   Summ/Tloc      N/A          95%         3    ####...
 Spectral Weapon          Hex/Chrm       #.......     95%         3    ####...
 Static Discharge         Conj/Air       #.......     95%         3    ####...
 Stone Arrow              Conj/Erth      #.....       95%         3    ####...
 Summon Guardian Golem    Hex/Summ       #.......     95%         3    ####...
 Teleport Other           Tloc           #.......     95%         3    ####...
 Tukima's Dance           Hex            #.......     95%         3    ####...
 Vampiric Draining        Necr           #.........   95%         3    ####...
 Airstrike                Air            #.........   100%        4    #####..
 Animate Dead             Necr           N/A          100%        4    #####..
 Cause Fear               Hex            #.........   100%        4    #####..
 Fulminant Prism          Conj/Hex       #.........   100%        4    #####..
 Hailstorm                Conj/Ice       #.......     100%        4    #####..
 Ice Form                 Ice/Tmut       #.......     100%        4    #####..
 Iskenderun's Mystic Bla  Conj/Tloc      #.......     100%        4    #####..
 Leda's Liquefaction      Hex/Erth       #.........   100%        4    #####..
 Olgreb's Toxic Radiance  Pois           #.......     100%        4    #####..
 Passage of Golubria      Tloc           N/A          100%        4    #####..
 Petrify                  Tmut/Erth      #.......     100%        4    #####..
 Sticky Flame             Conj/Fire      #.......     100%        4    #####..
 Summon Ice Beast         Ice/Summ       #.......     100%        4    #####..
 Summon Lightning Spire   Summ/Air       #.......     100%        4    #####..
 Agony                    Necr           #.......     100%        5    ######.
 Alistair's Intoxication  Tmut/Pois      #.......     100%        5    ######.
 Aura of Abjuration       Summ           #.........   100%        5    ######.
 Bolt of Magma            Conj/Fire/Erth #.........   100%        5    ######.
 Borgnjor's Vile Clutch   Necr/Erth      #.........   100%        5    ######.
 Fireball                 Conj/Fire      #.........   100%        5    ######.
 Irradiate                Conj/Tmut      #.........   100%        5    ######.
 Iskenderun's Battlesphe  Conj/Chrm      #.......     100%        5    ######.
 Lee's Rapid Deconstruct  Erth           #.........   100%        5    ######.
 Lightning Bolt           Conj/Air       #.........   100%        5    ######.
 Metabolic Englaciation   Hex/Ice        #.........   100%        5    ######.
 Silence                  Hex/Air        #.........   100%        5    ######.
 Summon Demon             Summ           #.........   100%        5    ######.
 Summon Forest            Summ/Tloc      #.........   100%        5    ######.
 Summon Mana Viper        Hex/Summ       #.......     100%        5    ######.
 Yara's Violent Unravell  Hex/Tmut       #.........   100%        5    ######.
 Conjure Ball Lightning   Conj/Air       #.........   100%        6    #######
 Darkness                 Hex            #.........   100%        6    #######
 Death Channel            Necr           #.........   100%        6    #######
 Deflect Missiles         Chrm/Air       #.........   100%        6    #######
 Dispersal                Tloc           #.........   100%        6    #######
 Eringya's Noxious Bog    Tmut/Pois      #.........   100%        6    #######
 Freezing Cloud           Conj/Ice/Air   #.........   100%        6    #######
 Hydra Form               Tmut           #.........   100%        6    #######
 Invisibility             Hex            #.......     100%        6    #######
 Iron Shot                Conj/Erth      #.........   100%        6    #######
 Ozocubu's Refrigeration  Ice            #.........   100%        6    #######
 Shadow Creatures         Summ           N/A          100%        6    #######
 Simulacrum               Ice/Necr       #.........   100%        6    #######
 Starburst                Conj/Fire      #.........   100%        6    #######
 Statue Form              Tmut/Erth      #........    100%        6    #######
 Dragon Form              Tmut           #.........   100%        7    #######
 Haunt                    Necr/Summ      #.........   100%        7    #######
 Malign Gateway           Summ/Tloc      #.........   100%        7    #######
 Orb of Destruction       Conj           #.........   100%        7    #######
 Ring of Flames           Chrm/Fire      #.........   100%        7    #######
 Spellforged Servitor     Conj/Summ      #.........   100%        7    #######
 Summon Hydra             Summ           #.........   100%        7    #######
 Chain Lightning          Conj/Air       #.........   100%        8    #######
 Controlled Blink         Tloc           N/A          100%        8    #######
 Discord                  Hex            #.........   100%        8    #######
 Disjunction              Tloc           #.........   100%        8    #######
 Ignition                 Fire           #.........   100%        8    #######
 Lehudib's Crystal Spear  Conj/Erth      #.........   100%        8    #######
 Fire Storm               Conj/Fire      #.........   100%        9    #######
 Glaciate                 Conj/Ice       #.........   100%        9    #######
 Shatter                  Erth           #.........   100%        9    #######
 Tornado                  Air            #.........   100%        9    #######


Dungeon Overview and Level Annotations

Branches:
Dungeon (15/15)            Temple (1/1) D:5            Lair (6/6) D:9
 Shoals (4/4) Lair:2       Spider (4/4) Lair:3        Slime (5/5) Lair:5
    Orc (2/2) D:12            Elf (3/3) Orc:2        Vaults (5/5) D:13
  Crypt (3/3) Vaults:3       Tomb (2/3) Crypt:3      Depths (5/5) D:15
   Hell (visited)             Dis (7/7) Hell            Geh (7/7) Hell
    Coc (7/7) Hell            Tar (7/7) Hell            Zot (0/5) Depths:5
Ossuary (visited)           IceCv (visited)         Volcano (visited)
 WizLab (visited)

Altars:
Ashenzari
Cheibriados
Dithmenos
Elyvilon
Fedhas
Gozag
Hepliaklqana
Kikubaaqudgha
Makhleb
Nemelex Xobeh
Okawaru
Qazlal
Ru
Sif Muna
Trog
Uskayaw
Vehumet
Wu Jian
Xom
Yredelemnul
Zin
The Shining One
Beogh
Jiyva

Shops:
D:8 *   D:11 *   D:12 }:   Orc:2 :=[}   Elf:1 }   Elf:3 %   Shoals:4 !
Vaults:1 [   Vaults:2 !=}   Depths:1 (}((

Portals:
Hell: Depths:1 Depths:2 Depths:3 Depths:4 Depths:5
Abyss: Depths:4 Depths:5
Pandemonium: Depths:2 Depths:3 Depths:4
Ziggurat: Depths:4

Annotations:
Crypt:1 1 runed translucent door, Usaatre's ghost, veteran MiBe


Innate Abilities, Weirdness & Mutations

You reflexively headbutt those who attack you in melee.
You have a pair of horns on your head.
You are clumsy. (Dex -2)
Your body sometimes deteriorates upon taking damage.
You are frail. (-10% HP)
Your magical capacity is low. (-10% MP)


Message History

You open the greater mummy like a pillowcase!!!!
The greater mummy convulses.
You headbutt the greater mummy!
The greater mummy is almost destroyed.
A greater mummy comes into view.
You block the frost giant skeleton's attack.
The greater mummy calls on the powers of darkness!
Your body is wracked with pain!
* * * LOW HITPOINT WARNING * * *
The wraith completely misses you. You furiously retaliate!
You headbutt the wraith, but do no damage.
You riposte.
You open the wraith like a pillowcase!!!
You destroy the wraith!
The ushabti hits the frost giant skeleton!!
You barely miss the greater mummy.
You headbutt the greater mummy, but do no damage.
The greater mummy is almost destroyed.
The greater mummy gestures at you while chanting.
Something smites you!
You die...

.......# #.....................
.......# ##############..)....#
.......# #...........###'''''##
.......# #...........##....)..#
.......# #..#######..##.8...8.#
.......# #^.##....#..##.......#
.......# #..#..#..#..##...)...#
.......# #.M####..#..##.8...8.#
.......# #...M@Z..#..##.......#
.......##. #>^.Z..8.#..##.......#
.......##.Z##########..##.8...8.#
.......##..W....§.§§...##.......#
.......##.......§....^.##.......#
.......##################.8...8.#
.......##################.......#
................:.....)..........
..........................8...8..


You could see 2 greater mummies, an ushabti (confused), a titan zombie and a
frost giant skeleton.

Vanquished Creatures
  Cerebov (Pan)
  Antaeus (Coc:7)
  Asmodeus (Geh:7)
  Gloorx Vloq (Pan)
  Ereshkigal (Tar:7)
  the Royal Jelly (Slime:5)
  13 pandemonium lords (Pan)
  A seraph (Pan)
  Mnoleg (Pan)
  Lom Lobon (Pan)
  the Serpent of Hell (Geh:7)
  Dispater (Dis:7)
  4 ancient liches
  A juggernaut (Depths:4)
  11 greater mummies
  20 shard shrikes
  Margery (Vaults:3)
  A caustic shrike (Depths:3)
  2 golden dragons
  A curse toe (Crypt:3)
  Geryon (Hell)
  27 bone dragons
  2 profane servitors (Abyss:3)
  56 Tzitzimimeh
  26 Brimstone Fiends
  12 doom hounds
  5 iron giants
  10 tentacled monstrosities
  17 Hell Sentinels
  27 Ice Fiends
  3 quicksilver dragons (Dis:7)
  17 liches
  A deep elf master archer (Elf:3)
  4 eldritch tentacles
  The ghost of ew1980 the Severer, an adept HOFi of Okawaru (Elf:3)
  A titan (Vaults:5)
  24 acid blobs
  6 tentacled starspawn
  8 sphinxes
  17 ancient champions
  45 Executioners
  2 storm dragons
  21 shadow dragons
  3 tengu reavers
  Roxanne (Elf:2)
  5 revenants
  13 azure jellies
  17 daevas (Pan)
  Donald (Orc:2)
  11 fire giants
  8 deep elf sorcerers
  21 iron dragons
  4 frost giants (Depths:2)
  3 ghost moths (Pan)
  56 balrugs
  7 vault wardens
  26 cacodemons (Pan)
  17 black suns (Pan)
  A draconian stormcaller (Depths:5)
  An emperor scorpion (Spider:3)
  5 deep elf elementalists (Elf:3)
  Louise (D:14)
  8 ghouls
  3 curse skulls
  2 orc warlords
  10 warmongers (Pan)
  6 draconian annihilators (Pan)
  3 spriggan defenders
  6 ironheart preservers
  104 reapers
  13 blood saints (Pan)
  21 angels (Pan)
  3 entropy weavers
  22 war gargoyles
  10 very ugly things
  8 vampire knights
  12 bennus
  4 elemental wellsprings
  20 ophanim (Pan)
  18 corrupters (Pan)
  12 stone giants
  2 red draconians
  20 apis (Pan)
  22 lorocyprocas (Pan)
  4 deep elf demonologists
  2 black draconians
  A white draconian (WizLab)
  3 deep elf annihilators
  A yellow draconian (Depths:5)
  A purple draconian (Depths:5)
  Azrael (Spider:2)
  4 spark wasps
  14 mummy priests
  8 deep elf death magi
  9 ettins
  10 death oozes
  3 eidola
  47 blizzard demons
  20 green deaths (Pan)
  9 ogre magi
  15 quicksilver dragon zombies
  5 jiangshi
  Erolcha (D:12)
  A kraken zombie (Coc:6)
  3 fire dragons
  16 yaktaur captains
  A deep elf high priest (Elf:3)
  29 ice dragons
  4 hydras
  11 quicksilver dragon skeletons
  4 hell beasts
  11 great orbs of eyes
  2 catoblepae (Lair:6)
  2 ghost crabs
  2 juggernaut simulacra (Pan)
  11 vault guards
  5 death knights
  7 rakshasas
  11 monstrous demonspawn (Pan)
  3 spriggan air magi
  6 centaur warriors
  An alligator snapping turtle (Shoals:4)
  A satyr (shapeshifter) (Vaults:4)
  2 merfolk aquamancers (Shoals:4)
  6 deep troll shamans
  23 two-headed ogres
  13 dancing weapons
  8 death scarabs (Tomb:1)
  A queen ant (Lair:6)
  4 tengu warriors
  11 titan zombies
  6 death yaks
  A satyr (Shoals:4)
  16 thrashing horrors
  7 vampire magi
  55 hell hogs
  Urug (Lair:1)
  6 iron golems
  8 deep troll earth magi
  4 orc high priests
  121 sun demons
  2 spriggan berserkers (Depths:5)
  14 deep elf knights
  77 hell knights
  10 storm dragon zombies
  14 titan skeletons
  206 skeletal warriors
  2 spatial maelstroms
  6 wretched stars
  15 cherubim (Pan)
  80 soul eaters
  14 iron trolls
  33 sixfirhies
  3 unseen horrors
  22 shadow wraiths
  11 storm dragon skeletons
  12 deep trolls
  19 flayed ghosts
  11 infernal demonspawn (Pan)
  2 sea snakes (Shoals:4)
  52 shadow demons
  34 anaconda zombies
  2 death drakes
  4 ghost moth zombies
  23 gelid demonspawn (Pan)
  7 golden dragon zombies
  8 glowing orange brains
  An obsidian statue (WizLab)
  9 ironbrand convokers
  A kraken simulacrum (Hell)
  2 swamp dragons (Abyss:3)
  14 anaconda skeletons
  7 deep elf archers
  14 starcursed masses
  16 torturous demonspawn
  12 wizards
  7 shadow dragon zombies
  23 phantasmal warriors
  Pikel (D:6)
  8 harpies
  12 golden dragon skeletons
  10 ugly things
  28 deep elf magi
  8 wolf spider zombies
  8 necromancers
  13 orc knights
  4 oklob plants
  An orb spider (Spider:1)
  3 orc sorcerers
  18 stone giant zombies
  A faun (Shoals:3)
  11 shadow dragon skeletons
  10 shining eyes
  14 fire giant zombies
  A salamander (shapeshifter) (Vaults:2)
  6 manticores
  17 iron dragon zombies
  A shining eye (shapeshifter) (Abyss:2)
  12 frost giant zombies
  2 salamanders (Geh:7)
  7 elephants
  10 wolf spiders
  8 cyclopes
  A moth of wrath (shapeshifter) (Vaults:5)
  6 shock serpent zombies
  12 iron dragon skeletons
  6 worldbinders (Abyss:3)
  An apocalypse crab (WizLab)
  10 stone giant skeletons
  2 moths of wrath
  21 fire giant skeletons
  Psyche (D:8)
  10 ice statues
  17 frost giant skeletons
  44 rust devils
  14 molten gargoyles
  9 vault sentinels
  8 dire elephant zombies
  3 black mambas
  A torpor snail (Spider:4)
  3 titan simulacra (Coc:7)
  3 apis skeletons (Depths:1)
  124 smoke demons
  11 spiny frogs
  4 shock serpent skeletons
  6 eyes of devastation
  A merfolk siren (Shoals:3)
  2 water nymphs (Shoals:4)
  A gargoyle (D:11)
  A spiny frog (shapeshifter) (Abyss:3)
  57 hellions
  A minotaur zombie (Crypt:3)
  An elephant slug zombie (Crypt:3)
  A yellow draconian zombie (Coc:5)
  34 orange demons
  8 dire elephant skeletons
  A catoblepas zombie (Tar:4)
  A rime drake (Lair:6)
  44 demonic crawlers
  A black draconian zombie (Tar:2)
  27 efreet
  6 emperor scorpion zombies
  A golden dragon simulacrum (IceCv)
  90 tormentors
  3 komodo dragons
  An alligator snapping turtle skeleton (Crypt:1)
  4 elf skeletons
  20 hellwings
  23 yaktaurs
  A death yak skeleton (Crypt:2)
  60 freezing wraiths
  10 anaconda simulacra
  67 ice devils
  A yaktaur (shapeshifter) (Vaults:2)
  37 guardian mummies
  6 silent spectres
  78 red devils
  3 tengu conjurers
  3 harpy zombies
  8 ancient zymes
  6 jumping spiders
  A queen bee (Lair:2)
  A white draconian skeleton (Tar:5)
  4 catoblepas skeletons
  29 hydra zombies
  6 merfolk
  8 trolls
  A wolf spider simulacrum (Coc:4)
  A shadow dragon simulacrum (Coc:3)
  A meliai (shapeshifter) (Vaults:3)
  12 hornets
  5 harpy skeletons
  26 hydra skeletons
  26 raiju
  88 slime creatures
  3 wind drakes
  2 hippogriffs (shapeshifter)
  11 blink frogs
  5 hippogriffs
  A bog body (Crypt:2)
  7 ice dragon zombies
  152 flying skulls
  9 dream sheep
  4 snapping turtles
  14 alligator zombies
  12 ettin zombies
  12 fire dragon skeletons
  3 frost giant simulacra
  7 fire dragon zombies
  11 vampires
  2 spriggans (Depths:4)
  3 alligator skeletons
  13 ice dragon skeletons
  11 tarantellas
  76 ynoxinuls
  4 black mamba zombies
  15 ettin skeletons
  A spriggan (shapeshifter) (Vaults:3)
  2 ushabtiu
  69 shadows
  3 wyverns
  22 redbacks
  18 water elementals
  2 air elementals
  2 dire elephant simulacra
  58 wraiths
  33 yaks
  2 black mamba skeletons
  47 fire elementals
  4 fire bats
  A yak (shapeshifter) (Depths:5)
  A basilisk (Lair:6)
  2 hogs (Lair:4)
  18 hungry ghosts
  45 neqoxecs
  30 golden eyes
  A vampire mosquito (D:15)
  60 chaos spawn
  126 large abominations
  2 steam dragons
  Menkaure (D:4)
  A yaktaur simulacrum (Vaults:3)
  9 spatial vortices
  2 harpy simulacra
  An infernal demonspawn zombie (Crypt:3)
  2 wargs
  12 soldier ants
  10 hydra simulacra
  4 deep troll skeletons
  122 hell hounds
  2 merfolk skeletons (Geh:4)
  27 spiny frog zombies
  9 water moccasins
  3 tengu skeletons
  21 orc warriors
  2 porcupines
  A floating eye (Pan)
  2 sky beasts
  3 elephant zombies
  27 ice beasts
  6 manticore zombies
  6 spiny frog skeletons
  3 swamp dragon zombies
  A black bear (D:8)
  10 snapping turtle zombies
  An ice dragon simulacrum (Coc:2)
  An alligator simulacrum (IceCv)
  16 eyes of draining
  15 phantoms
  44 necrophages
  22 ogres
  An ogre (shapeshifter) (D:14)
  18 small abominations
  A tengu (shapeshifter) (Elf:1)
  15 snapping turtle skeletons
  8 boggarts
  6 wolves (Lair:2)
  2 elephant skeletons
  3 ettin simulacra
  7 manticore skeletons
  6 swamp dragon skeletons
  10 human skeletons
  6 crocodiles
  20 centaurs
  2 big kobolds
  A blink frog skeleton (Lair:3)
  5 elf zombies
  A salamander zombie (Crypt:1)
  A yaktaur zombie (Crypt:1)
  11 bullfrogs
  An earth elemental (Elf:2)
  2 gnoll sergeants
  7 yaktaur skeletons
  3 spiny frog simulacra
  3 wyvern skeletons
  3 troll zombies
  2 hippogriff skeletons (Lair:2)
  A spriggan zombie (Coc:2)
  21 killer bees
  2 elephant simulacra (IceCv)
  A swamp dragon simulacrum (Coc:4)
  2 snapping turtle simulacra
  178 wights
  2 spriggan skeletons
  3 electric eels
  5 howler monkeys
  A yak skeleton (Crypt:2)
  17 crimson imps
  6 centaur zombies
  8 hounds
  5 lava snakes (Volcano)
  6 quasits
  2 wolf skeletons (Lair:2)
  A draconian simulacrum (IceCv)
  2 basilisk zombies (Lair:4)
  5 bullfrog skeletons
  2 bullfrog zombies
  4 human zombies
  Crazy Yiuf (D:3)
  7 jellies
  20 orc priests
  48 iron imps
  7 centaur skeletons
  18 worker ants
  2 iguanas
  15 orc wizards
  4 hell rats (Hell)
  A polar bear simulacrum (IceCv)
  A spriggan simulacrum (IceCv)
  3 troll simulacra (IceCv)
  A naga zombie (Dis:7)
  4 ogre zombies (D:12)
  A tengu zombie (Geh:3)
  A centaur simulacrum (IceCv)
  A crocodile zombie (Crypt:1)
  2 big kobold zombies (Ossuary)
  3 naga skeletons
  An ogre skeleton (D:14)
  A felid skeleton (Crypt:3)
  2 hound zombies
  2 hound skeletons
  53 mummies
  Robin (D:3)
  16 gnolls
  A howler monkey skeleton (D:7)
  2 naga simulacra (IceCv)
  9 adders
  3 ogre simulacra (IceCv)
  25 shadow imps
  37 white imps
  6 ufetubi
  An ooze (Lair:5)
  A worm zombie (Crypt:2)
  2 adder zombies
  An electric eel skeleton (Lair:2)
  An adder skeleton (D:8)
  3 dart slugs
  4 leopard geckos
  61 orcs
  A ball python (D:1)
  9 bats
  2 giant cockroaches
  A gnoll zombie (Ossuary)
  18 goblins
  13 hobgoblins
  7 jackals
  6 quokkas
  A ball python zombie (D:5)
  4 frilled lizards
  A frilled lizard skeleton (Crypt:1)
  4 goblin zombies
  3 hobgoblin zombies (D:12)
  2 jackal zombies (Ossuary)
  12 kobolds
  2 kobold skeletons
  A kobold zombie (Geh:3)
  A leopard gecko zombie (D:5)
  6 orc skeletons
  13 orc zombies
  4 rats
  A rat skeleton (Crypt:2)
  A rat zombie (Ossuary)
  A river rat skeleton (Crypt:2)
  2 fire vortices
  2 lurking horrors
  A macabre mass (Abyss:3)
  11 pillars of salt
  A plant (Shoals:4)
  3 starspawn tentacles
  4 tentacles
5890 creatures vanquished.

Vanquished Creatures (collateral kills)
  A juggernaut (Depths:5)
  An ancient lich (Vaults:5)
  Sojobo (Vaults:3)
  Bai Suzhen (Depths:2)
  Xtahua (Depths:3)
  2 golden dragons
  Nikola (Vaults:3)
  A profane servitor (Depths:1)
  2 liches
  Arachne (Spider:3)
  4 tentacled monstrosities
  Jorgrun (Orc:2)
  2 quicksilver dragons (Vaults:5)
  2 titans (Vaults:5)
  2 deep elf blademasters (Elf:3)
  3 sphinxes
  7 tengu reavers
  2 krakens
  4 shadow dragons (Vaults:5)
  A tentacled starspawn (Depths:4)
  Frances (Shoals:1)
  Agnes (D:15)
  6 storm dragons
  An eldritch tentacle (WizLab)
  Kirke (Lair:4)
  7 fire giants
  8 deep elf sorcerers
  An orc warlord (Orc:2)
  A draconian stormcaller (Depths:5)
  7 frost giants
  An emperor scorpion (shapeshifter) (Depths:2)
  2 ghost moths (Spider:4)
  A deep elf elementalist (Elf:3)
  10 vault wardens
  2 emperor scorpions
  3 entropy weavers
  3 ironheart preservers
  13 very ugly things
  14 stone giants
  19 slime creatures
  A deep elf demonologist (Elf:3)
  A yellow draconian (Depths:5)
  A red draconian (Depths:5)
  4 deep elf annihilators
  4 spark wasps
  2 pearl dragon zombies (Depths:1)
  A green death (Depths:4)
  4 merfolk impalers
  4 deep elf death magi
  14 yaktaur captains
  3 merfolk javelineers (Shoals:4)
  5 ettins
  8 great orbs of eyes
  2 jiangshi (Depths:4)
  5 ogre magi
  4 deep elf high priests
  4 rakshasas
  31 vault guards
  2 hydras
  10 ice dragons
  3 merfolk avatars
  5 centaur warriors
  24 two-headed ogres
  6 death knights
  5 death yaks
  3 catoblepae
  3 satyrs
  12 dancing weapons
  3 deep troll earth magi
  2 merfolk aquamancers
  A tengu warrior (Depths:2)
  A vampire mage (Depths:2)
  2 hell hogs (Depths:1)
  An orc high priest (Elf:1)
  4 spriggan berserkers
  2 thrashing horrors (WizLab)
  19 deep elf knights
  A shadow wraith (Vaults:1)
  7 hell knights
  3 skeletal warriors (D:15)
  A flayed ghost (Vaults:5)
  An unseen horror (D:13)
  13 deep trolls
  5 glowing orange brains
  12 ironbrand convokers
  8 sea snakes
  14 deep elf archers
  5 phantasmal warriors
  3 necromancers
  11 orb spiders
  3 wizards (D:14)
  3 harpies
  14 orc knights
  2 oklob plants
  6 cyclopes
  13 ugly things
  An orc sorcerer (Vaults:1)
  40 deep elf magi
  5 fauns
  17 wolf spiders
  3 elephants (Lair:3)
  7 manticores
  4 merfolk sirens
  12 vault sentinels
  2 water nymphs
  2 spiny frogs
  A black mamba (Lair:1)
  An apis skeleton (Depths:1)
  2 gargoyles
  2 rust devils (Depths:4)
  A centaur skeleton (D:15)
  2 torpor snails
  A rime drake (shapeshifter) (Elf:3)
  A demonspawn skeleton (WizLab)
  2 rime drakes (Shoals:4)
  3 demonic crawlers
  2 komodo dragons
  31 yaktaurs
  9 freezing wraiths
  A tengu conjurer (Depths:5)
  A jumping spider (shapeshifter) (Vaults:2)
  6 trolls
  2 ice devils
  32 merfolk
  A red devil (Depths:3)
  23 jumping spiders
  A polar bear (Lair:3)
  7 hornets
  5 wind drakes
  8 snapping turtles
  2 raiju (shapeshifter)
  5 blink frogs
  13 dream sheep
  5 hippogriffs
  A fire giant simulacrum (Vaults:3)
  59 redbacks
  3 shadows
  A deep troll skeleton (WizLab)
  A spriggan (Depths:3)
  2 wraiths
  3 air elementals
  3 basilisks
  22 tarantellas
  11 water elementals
  16 yaks
  A vampire (Spider:1)
  A hog (Lair:4)
  A fire bat (Orc:2)
  3 vampire mosquitoes (D:15)
  3 steam dragons (Shoals:4)
  A hungry ghost (D:15)
  2 spatial vortices (WizLab)
  2 large abominations
  2 insubstantial wisps (WizLab)
  3 wargs
  5 soldier ants (Lair:6)
  4 hell hounds (Spider:2)
  6 water moccasins
  A gelid demonspawn skeleton (WizLab)
  An ice beast (D:14)
  A porcupine (Lair:4)
  16 orc warriors
  An ice beast (shapeshifter) (Vaults:1)
  An elf zombie (Vaults:3)
  19 ogres
  An eye of draining (Vaults:1)
  6 wolves (Lair:2)
  3 boggarts
  6 centaurs
  2 crocodiles
  A big kobold (D:14)
  4 bullfrogs
  A human simulacrum (Vaults:3)
  A wight (D:13)
  6 killer bees
  A troll zombie (D:12)
  8 electric eels
  3 crimson imps
  6 orc wizards
  8 orc priests
  9 worker ants
  An ogre zombie (D:12)
  A gnoll (Orc:2)
  3 shadow imps
  4 oozes (Lair:5)
  42 orcs
  6 kobolds (D:14)
  A quokka (D:12)
  4 goblin zombies (D:12)
  An orc skeleton (D:12)
  7 orc zombies
  2 bushes
  7 crawling corpses
  34 fungi
  104 plants
  3 tentacles (Shoals:3)
1218 creatures vanquished.

Vanquished Creatures (others)
  A pandemonium lord (Pan)
  A shard shrike (Coc:7)
  A bone dragon (Depths:4)
  4 eldritch tentacles
  A spectral juggernaut (Depths:5)
  3 ghouls
  7 vampire knights
  A corrupter (Pan)
  3 very ugly thing zombies (Vaults:3)
  A merfolk impaler (Shoals:4)
  A titan zombie (Vaults:5)
  A tengu warrior (Depths:1)
  2 soul eaters (Pan)
  3 hell hogs
  A storm dragon zombie (Vaults:5)
  A sun demon (Pan)
  A deep elf knight (Elf:3)
  14 skeletal warriors
  A shadow demon (Pan)
  14 flayed ghosts
  A hell hog zombie (Depths:1)
  A necromancer (Hell)
  10 phantasmal warriors
  A fire giant zombie (Vaults:5)
  A tengu skeleton (Vaults:3)
  A stone giant zombie (Vaults:5)
  A fire giant skeleton (Depths:3)
  A rust devil (Dis:7)
  A smoke demon (Pan)
  A catoblepas zombie (Lair:6)
  A spriggan zombie (Depths:3)
  2 centaur skeletons
  2 yaktaur zombies
  A yellow draconian skeleton (Depths:5)
  4 human skeletons
  A red devil (Abyss:3)
  A harpy zombie (Vaults:1)
  A hellwing (Pan)
  A spriggan skeleton (Depths:3)
  A wind drake (Shoals:4)
  A yaktaur skeleton (Vaults:5)
  A hydra zombie (Lair:1)
  A redback zombie (Vaults:4)
  A tengu conjurer (Depths:1)
  A slime creature (Slime:4)
  9 flying skulls
  A black mamba zombie (Lair:6)
  13 vampires
  3 wraiths
  A ynoxinul (Pan)
  A chaos spawn (Abyss:3)
  3 two-headed ogre zombies
  A deep troll zombie (Vaults:5)
  An elf zombie (Elf:2)
  14 human zombies
  An ogre skeleton (Vaults:1)
  A water moccasin (Lair:5)
  A porcupine (Lair:5)
  3 spiny frog zombies
  A necrophage (Geh:3)
  An elf skeleton (Elf:2)
  A snapping turtle skeleton (Shoals:1)
  3 blink frog skeletons
  A dream sheep skeleton (Lair:6)
  2 hog zombies (Lair:4)
  7 water moccasin zombies
  A cyclops skeleton (D:13)
  A hippogriff skeleton (Shoals:1)
  A warg skeleton (Orc:2)
  A yak zombie (Lair:6)
  2 yak skeletons
  8 wights
  2 centaur zombies (Volcano)
  2 basilisk zombies
  An orc priest (Vaults:2)
  A soldier ant zombie (D:11)
  3 bullfrog skeletons
  2 iron imps (Dis:3)
  2 hell rats (Hell)
  A worker ant (Lair:6)
  6 ogre zombies
  A sky beast zombie (D:14)
  7 worker ant zombies (Lair:6)
  An electric eel skeleton (Lair:3)
  14 ball lightnings (Pan)
  2 gnoll skeletons (Orc:2)
  A jackal skeleton (D:10)
  4 orc skeletons
  14 orc zombies
  A fire vortex (Pan)
  4 fungi
  217 pillars of salt
  8 plants
  21 starspawn tentacles
  12 tentacles
511 creatures vanquished.

Grand Total: 7619 creatures vanquished

Notes
Turn   | Place    | Note
-------+----------+-------------------------------------------
     0 | D:1      | BlueFish the Minotaur Fighter began the quest for the Orb.
     0 | D:1      | Reached XP level 1. HP: 19/19 MP: 0/0
   133 | D:1      | Reached XP level 2. HP: 27/27 MP: 1/1
   491 | D:1      | Reached XP level 3. HP: 24/34 MP: 2/2
   885 | D:2      | Found a snail-covered altar of Cheibriados.
   885 | D:2      | Found a radiant altar of Vehumet.
   886 | D:2      | Found a hide-covered altar of Uskayaw.
  1196 | D:3      | Noticed Robin
  1205 | D:3      | Reached XP level 4. HP: 30/41 MP: 3/3
  1214 | D:3      | Killed Robin
  1729 | D:3      | Reached XP level 5. HP: 41/47 MP: 4/4
  1986 | D:3      | Found a runed translucent door.
  1987 | D:3      | Noticed Crazy Yiuf
  2007 | D:3      | Killed Crazy Yiuf
  2433 | D:4      | Noticed Menkaure
  2446 | D:4      | Killed Menkaure
  2446 | D:4      | Reached skill level 5 in Fighting
  2446 | D:4      | Reached skill level 5 in Long Blades
  2446 | D:4      | Reached skill level 5 in Armour
  2446 | D:4      | Reached skill level 1 in Dodging
  2446 | D:4      | Reached XP level 6. HP: 9/56 MP: 5/5
  3250 | D:5      | Entered Level 5 of the Dungeon
  3355 | D:5      | Found a sand-covered staircase.
  3364 | Ossuary  | Entered an ossuary
  3374 | Ossuary  | Reached XP level 7. HP: 34/61 MP: 6/6
  3396 | Ossuary  | HP: 3/61 [big kobold zombie (4)]
  3405 | Ossuary  | HP: 3/61 [big kobold zombie (2)]
  3943 | D:5      | Found a staircase to the Ecumenical Temple.
  3955 | Temple   | Entered the Ecumenical Temple
  4519 | D:5      | Reached XP level 8. HP: 67/70 MP: 7/7
  4722 | D:5      | Found a transporter.
  4764 | D:5      | Found a transporter.
  5328 | D:6      | Reached skill level 5 in Shields
  5372 | D:6      | Noticed Pikel
  5390 | D:6      | Killed Pikel
  5390 | D:6      | Reached XP level 9. HP: 24/79 MP: 8/8
  5647 | D:6      | Reached skill level 10 in Long Blades
  6156 | D:7      | Got a crystal whip
  6969 | D:8      | Noticed Psyche
  7124 | D:8      | Found Qarche's General Store.
  7289 | D:8      | Found a sparkling altar of Nemelex Xobeh.
  7750 | D:8      | Paralysed by Psyche for 3 turns
  7830 | D:8      | Killed Psyche
  7830 | D:8      | Reached XP level 10. HP: 55/88 MP: 9/9
  8204 | D:9      | Noticed a two-headed ogre
  8472 | D:9      | Killed a two-headed ogre
  8683 | D:9      | Found an ornate altar of the Wu Jian Council.
  8807 | D:9      | Found a staircase to the Lair.
  9135 | D:9      | Found a stormy altar of Qazlal.
  9139 | D:9      | Found a basalt altar of Yredelemnul.
  9139 | D:9      | Found a glowing silver altar of Zin.
  9152 | D:9      | Found an opulent altar of Gozag.
  9157 | D:9      | Became a worshipper of Yredelemnul the Dark
  9164 | D:9      | Found a shadowy altar of Dithmenos.
  9210 | D:9      | Found a white marble altar of Elyvilon.
 10326 | D:9      | Reached skill level 10 in Armour
 10326 | D:9      | Reached skill level 1 in Invocations
 10546 | D:10     | Entered Level 10 of the Dungeon
 10649 | D:10     | Reached * piety under Yredelemnul
 10665 | D:10     | Reached XP level 11. HP: 72/97 MP: 11/11
 11230 | D:11     | Found Newojas's General Store.
 11249 | D:11     | Identified a scroll of acquirement
 11249 | D:11     | Identified the ring of False Pretenses {+Fly rC+ rN+ Int-4
                  | Stlth+} (You acquired it on level 11 of the Dungeon)
 11249 | D:11     | Identified the +0 pair of gloves of Day {+Inv rC+++ MR+
                  | Dex-2} (You acquired it on level 11 of the Dungeon)
 11364 | D:11     | Reached ** piety under Yredelemnul
 11414 | D:11     | Noticed a two-headed ogre
 11425 | D:11     | Killed a two-headed ogre
 11443 | D:11     | Reached skill level 10 in Fighting
 11556 | D:11     | HP: 3/99 [something (6)]
 12004 | D:11     | Killed an unseen horror
 12350 | D:11     | Killed an unseen horror
 12502 | D:8      | Bought a +1 crystal plate armour for 1392 gold pieces
 12829 | Lair:1   | Entered Level 1 of the Lair of Beasts
 12829 | Lair:1   | Noticed Urug
 12852 | Lair:1   | Killed Urug
 13358 | Lair:1   | Reached skill level 5 in Dodging
 13358 | Lair:1   | Reached XP level 12. HP: 105/110 MP: 12/14
 13359 | Lair:1   | Noticed a five-headed hydra
 13370 | Lair:1   | Killed a five-headed hydra
 13700 | Lair:2   | Reached skill level 5 in Invocations
 13745 | Lair:1   | Reached *** piety under Yredelemnul
 14413 | Lair:2   | Received a gift from Yredelemnul (4 flying skulls)
 14439 | Lair:2   | Reached XP level 13. HP: 89/116 MP: 16/16
 14652 | Lair:2   | Reached **** piety under Yredelemnul
 14765 | Lair:2   | Reached skill level 10 in Shields
 14929 | Lair:2   | Found a staircase to the Shoals.
 14948 | Lair:2   | Received a gift from Yredelemnul (a wight)
 15124 | Lair:3   | Got a crude great sword
 15276 | Lair:3   | Found a hole to the Spider Nest.
 15349 | Lair:3   | Received a gift from Yredelemnul (a wight)
 16337 | Lair:4   | Received a gift from Yredelemnul (a wight)
 16473 | Lair:4   | Noticed Kirke
 16476 | Lair:4   | Noticed a sphinx
 16482 | Lair:4   | Received a gift from Yredelemnul (a vampire)
 16486 | Lair:4   | Paralysed by a sphinx for 7 turns
 16490 | Lair:4   | Killed Kirke
 16683 | Lair:4   | Reached skill level 15 in Long Blades
 16695 | Lair:4   | Reached ***** piety under Yredelemnul
 17086 | Lair:4   | Received a gift from Yredelemnul (a vampire)
 17756 | Lair:5   | Found a staircase to the Slime Pits.
 18143 | Lair:6   | Entered Level 6 of the Lair of Beasts
 18178 | Lair:6   | Received a gift from Yredelemnul (a wraith)
 18343 | Lair:6   | Reached XP level 14. HP: 127/127 MP: 16/18
 18428 | Lair:6   | Received a gift from Yredelemnul (a vampire)
 19335 | Lair:6   | Noticed an entropy weaver
 19346 | Lair:6   | Noticed an entropy weaver
 19413 | Lair:6   | Killed an entropy weaver
 19417 | Lair:6   | Killed an entropy weaver
 19419 | Lair:6   | Reached ****** piety under Yredelemnul
 19581 | Lair:6   | Got a heavily runed golden amulet
 19748 | Lair:6   | Received a gift from Yredelemnul (a skeletal warrior)
 19874 | Lair:6   | Reached skill level 15 in Armour
 20249 | D:12     | Noticed Erolcha
 20260 | D:12     | Killed Erolcha
 20427 | D:12     | Found a staircase to the Orcish Mines.
 20453 | D:12     | Received a gift from Yredelemnul (5 flying skulls)
 20464 | D:12     | Received a gift from Yredelemnul (a phantasmal warrior)
 20490 | D:12     | Identified the amulet "Adidila" {Harm *Drain rF+} (You
                  | found it on level 6 of the Lair of Beasts)
 20586 | D:12     | Got a smoking quarterstaff
 20892 | D:12     | Found Loraly's Gadget Shoppe.
 20962 | D:12     | Found Gaej's Book Shop.
 21025 | Orc:1    | Entered Level 1 of the Orcish Mines
 21038 | Orc:1    | Received a gift from Yredelemnul (a phantasmal warrior)
 21166 | Orc:2    | Entered Level 2 of the Orcish Mines
 21166 | Orc:2    | Found a staircase to the Elven Halls.
 21220 | Orc:2    | Noticed Donald
 21221 | Orc:2    | Noticed Jorgrun
 21237 | Orc:2    | Killed Donald
 21242 | Orc:2    | Killed Jorgrun
 21340 | Orc:2    | Received a gift from Yredelemnul (a flayed ghost)
 21369 | Orc:2    | Found a dark tunnel.
 21379 | Volcano  | Entered a volcano
 21828 | Volcano  | Found a radiant altar of Vehumet.
 22181 | Orc:2    | Found a roughly hewn altar of Beogh.
 22364 | Orc:2    | Noticed an orc warlord
 22377 | Orc:2    | Found Ecuer's Jewellery Shoppe.
 22400 | Orc:2    | Reached XP level 15. HP: 58/137 MP: 13/20
 22400 | Orc:2    | Received a gift from Yredelemnul (a vampire)
 22423 | Orc:2    | Received a gift from Yredelemnul (a wraith)
 22426 | Orc:2    | Your ally Donald died
 22429 | Orc:2    | Killed an orc warlord
 22433 | Orc:2    | Found Ecoifo's Book Boutique.
 22477 | Orc:2    | Found Macur's Armour Shoppe.
 22478 | Orc:2    | Found Baga's Gadget Emporium.
 22915 | D:13     | Found a gate to the Vaults.
 22929 | D:13     | Received a gift from Yredelemnul (a phantasmal warrior)
 22981 | D:13     | Received a gift from Yredelemnul (a vampire)
 23241 | D:13     | Received a gift from Yredelemnul (a vampire knight)
 23610 | D:14     | Paralysed by a wizard for 4 turns
 23622 | D:14     | Reached skill level 10 in Invocations
 23623 | D:14     | Received a gift from Yredelemnul (a bone dragon)
 23923 | D:14     | Found the +12 glaive of Prune {vorpal}
 24002 | D:14     | Noticed Louise
 24029 | D:14     | Killed Louise
 24124 | D:14     | Received a gift from Yredelemnul (a skeletal warrior)
 24202 | D:14     | Found a roughly hewn altar of Beogh.
 24225 | D:14     | Received a gift from Yredelemnul (a bone dragon)
 24801 | D:15     | Entered Level 15 of the Dungeon
 24849 | D:15     | Received a gift from Yredelemnul (a vampire knight)
 25135 | D:15     | Noticed Agnes
 25142 | D:15     | Killed Agnes
 25147 | D:15     | Received a gift from Yredelemnul (a profane servitor)
 25262 | D:15     | Found a staircase to the Depths.
 25685 | D:15     | Reached XP level 16. HP: 147/147 MP: 22/22
 25971 | D:15     | Reached skill level 15 in Fighting
 26149 | D:13     | Received a gift from Yredelemnul (a skeletal warrior)
 26315 | Shoals:1 | Entered Level 1 of the Shoals
 26416 | Shoals:1 | Noticed Frances
 26426 | Shoals:1 | Killed Frances
 26780 | Shoals:2 | Received a gift from Yredelemnul (a flayed ghost)
 26841 | Shoals:2 | Found the +6 lightning scales {run, rElec}
 26856 | Shoals:2 | Received a gift from Yredelemnul (a flayed ghost)
 27114 | Shoals:2 | Received a gift from Yredelemnul (a phantasmal warrior)
 27198 | Shoals:2 | Received a gift from Yredelemnul (a vampire)
 27502 | Shoals:3 | Noticed a kraken
 27511 | Shoals:3 | Killed a kraken
 27625 | Shoals:3 | Received a gift from Yredelemnul (a skeletal warrior)
 27970 | Shoals:3 | Received a gift from Yredelemnul (a vampire knight)
 28220 | Shoals:4 | Entered Level 4 of the Shoals
 28289 | Shoals:4 | Found Fuczecar's Distillery.
 28375 | Shoals:4 | Got a barnacled rune of Zot
 28716 | Shoals:4 | Received a gift from Yredelemnul (a vampire)
 28836 | Shoals:4 | Noticed a kraken
 28845 | Shoals:4 | Killed a kraken
 29113 | Shoals:4 | Received a gift from Yredelemnul (a flayed ghost)
 29936 | Shoals:4 | Found the +2 shield of Resistance {rF+ rC+ MR+}
 30452 | Spider:1 | Entered Level 1 of the Spider Nest
 30472 | Spider:1 | Received a gift from Yredelemnul (a skeletal warrior)
 30472 | Spider:1 | Reached XP level 17. HP: 96/158 MP: 25/25
 30482 | Spider:1 | Received a gift from Yredelemnul (a ghoul)
 30493 | Spider:1 | Reached skill level 15 in Shields
 30676 | Spider:1 | Found a frozen archway.
 30684 | IceCv    | Entered an ice cave
 31334 | IceCv    | Noticed an Ice Fiend
 31899 | IceCv    | Killed an Ice Fiend
 31957 | IceCv    | Got a pair of polished gloves
 31968 | IceCv    | Identified the +2 pair of gloves of the Princess {Str+3}
                  | (You found it in an ice cave)
 32130 | Spider:1 | You fall into a shaft and drop 1 floor!
 32137 | Spider:2 | Received a gift from Yredelemnul (a vampire knight)
 32225 | Spider:2 | Received a gift from Yredelemnul (a skeletal warrior)
 32461 | Spider:2 | Received a gift from Yredelemnul (a phantasmal warrior)
 32495 | Spider:2 | Got a silken robe
 32588 | Spider:2 | Received a gift from Yredelemnul (a phantasmal warrior)
 32617 | Spider:2 | Noticed Azrael
 32625 | Spider:2 | Killed Azrael
 33025 | Spider:3 | Noticed Arachne
 33035 | Spider:3 | Killed Arachne
 33383 | Spider:4 | Entered Level 4 of the Spider Nest
 33387 | Spider:4 | Received a gift from Yredelemnul (a skeletal warrior)
 33787 | Spider:4 | Received a gift from Yredelemnul (a phantasmal warrior)
 33823 | Spider:4 | Received a gift from Yredelemnul (a flayed ghost)
 34045 | Spider:4 | Received a gift from Yredelemnul (a skeletal warrior)
 34215 | Spider:4 | Got a gossamer rune of Zot
 34790 | Elf:1    | Entered Level 1 of the Elven Halls
 34882 | Elf:1    | Received a gift from Yredelemnul (a phantasmal warrior)
 34892 | Elf:1    | Reached XP level 18. HP: 123/168 MP: 15/26
 35119 | Elf:1    | Found the +8 orange crystal plate armour {Archmagi, Int+3
                  | Clar}
 35192 | Elf:1    | Found Nyici's Gadget Shoppe.
 35324 | Elf:1    | Identified the Incunabulum of Dark Rites
 36051 | Elf:2    | Found a shimmering blue altar of Sif Muna.
 36165 | Elf:2    | Received a gift from Yredelemnul (a flayed ghost)
 36265 | Elf:2    | Identified Roxanne's Incunabulum of Transformation
 36265 | Elf:2    | Noticed Roxanne
 36277 | Elf:2    | Killed Roxanne
 36490 | Elf:2    | Received a gift from Yredelemnul (a vampire knight)
 36616 | Elf:2    | Found a huge runed translucent gate.
 36616 | Elf:2    | Found a huge runed translucent gate.
 36616 | Elf:2    | Found a huge runed translucent gate.
 36616 | Elf:2    | Found a huge runed translucent gate.
 36616 | Elf:2    | Found a huge runed translucent gate.
 37250 | Elf:2    | Received a gift from Yredelemnul (a flayed ghost)
 37469 | Elf:3    | Entered Level 3 of the Elven Halls
 37550 | Elf:3    | Found Zaeraj's Food Shop.
 37565 | Elf:3    | Received a gift from Yredelemnul (a vampire)
 38249 | Elf:3    | Found a runed translucent gate.
 38250 | Elf:3    | Found a runed translucent gate.
 38250 | Elf:3    | Found a runed translucent gate.
 38250 | Elf:3    | Noticed ew1980's ghost (adept HOFi)
 38269 | Elf:3    | Killed ew1980's ghost
 38609 | Elf:3    | Received a gift from Yredelemnul (a vampire)
 38844 | Elf:3    | Cast into level 2 of the Abyss (a deep elf sorcerer)
 38930 | Elf:3    | Escaped the Abyss
 38932 | Elf:3    | Noticed an Ice Fiend
 38937 | Elf:3    | Noticed a Tzitzimitl
 38939 | Elf:3    | Noticed a Hell Sentinel
 38944 | Elf:3    | Reached XP level 19. HP: 110/178 MP: 10/28
 38951 | Elf:3    | Noticed a Brimstone Fiend
 38954 | Elf:3    | Received a gift from Yredelemnul (a skeletal warrior)
 39229 | Elf:3    | Got a scorched lead ring
 39230 | Elf:3    | Identified the ring of Puz Uffa {+Inv rC+ rN+ Dex+4 Stlth-}
                  | (You found it on level 3 of the Elven Halls)
 39240 | Elf:3    | Got an ichor-stained longbow
 39251 | Elf:3    | Got an iridescent hand axe
 39259 | Elf:3    | Got a smoking mace
 39265 | Elf:3    | Got a scorched broad axe
 39276 | Elf:3    | Identified the Collected Works on Spatial Poisoning
 39314 | Elf:3    | Found the ring of Phasing {EV+8}
 39415 | Elf:3    | Got a crude short sword
 39431 | Elf:3    | Got an ancient great mace
 39435 | Elf:3    | Identified Sif Muna's Grimoire of Supportive Evil Rituals
 39848 | Depths:1 | Entered Level 1 of the Depths
 39848 | Depths:1 | Found Parghomo's Antique Weapon Shoppe.
 39929 | Depths:1 | Found a gateway to Hell.
 39961 | Depths:1 | Received a gift from Yredelemnul (a skeletal warrior)
 40210 | Depths:1 | Found a basalt altar of Yredelemnul.
 40228 | Depths:1 | Noticed a profane servitor
 40238 | Depths:1 | Killed a profane servitor
 40443 | Depths:1 | Got an ichor-stained rapier
 40494 | Depths:1 | Found Zeesmar's Gadget Emporium.
 40526 | Depths:1 | Found Zimimp's Weapon Boutique.
 40665 | Depths:1 | Found Ynwen's Antique Weapon Emporium.
 40977 | Depths:2 | Noticed Bai Suzhen
 40989 | Depths:2 | Killed Bai Suzhen
 40990 | Depths:2 | Found a one-way gate leading to the halls of Pandemonium.
 41015 | Depths:2 | Found a sparkling altar of Nemelex Xobeh.
 41015 | Depths:2 | Found an ancient bone altar of Kikubaaqudgha.
 41016 | Depths:2 | Found a snail-covered altar of Cheibriados.
 41431 | Depths:2 | Received a gift from Yredelemnul (a vampire)
 41702 | Depths:2 | Reached XP level 20. HP: 118/189 MP: 29/29
 41971 | Depths:2 | Received a gift from Yredelemnul (a ghoul)
 42769 | Depths:2 | Received a gift from Yredelemnul (a flayed ghost)
 42802 | Depths:2 | Identified the +5 scimitar of Conformity {drain, *Drain
                  | rElec Int+7 Dex+4}
 42825 | Depths:2 | Received a gift from Yredelemnul (a vampire)
 42849 | Depths:2 | Identified the ring of Jagaremu {+Fly rF+ rC+++ MR+ Str-2
                  | Stlth-} (You acquired it on level 2 of the Depths)
 43316 | Depths:3 | Noticed a caustic shrike
 43330 | Depths:3 | Killed a caustic shrike
 43366 | Depths:3 | Paralysed by a sphinx for 3 turns
 43782 | Depths:3 | Reached skill level 15 in Invocations
 43808 | Depths:3 | Killed Xtahua
 44002 | Depths:3 | Received a gift from Yredelemnul (a flayed ghost)
 44343 | Depths:3 | Got a brightly glowing dagger
 44721 | Depths:4 | Received a gift from Yredelemnul (a profane servitor)
 44796 | Depths:4 | Reached XP level 21. HP: 184/199 MP: 31/31
 44814 | Depths:4 | Received a gift from Yredelemnul (a ghoul)
 45058 | Depths:4 | Found a one-way gate to the infinite horrors of the Abyss.
 45127 | Depths:4 | Found a magical portal.
 45134 | WizLab   | Found a transporter.
 45138 | WizLab   | Found a corrupted altar of Lugonu.
 45168 | WizLab   | Found the +1 cloak of Starlight {rElec rC+ EV+4 Stlth--}
 45343 | WizLab   | Found a transporter.
 45343 | WizLab   | Found a transporter.
 45413 | WizLab   | Found a corrupted altar of Lugonu.
 45436 | WizLab   | Found a transporter.
 45516 | WizLab   | Found a transporter.
 45531 | WizLab   | Found a transporter.
 45559 | WizLab   | Found a transporter.
 45655 | WizLab   | Found a transporter.
 45786 | WizLab   | Found a transporter.
 45792 | WizLab   | Received a gift from Yredelemnul (a ghoul)
 45811 | WizLab   | Found a transporter.
 45834 | WizLab   | Found a corrupted altar of Lugonu.
 45869 | WizLab   | Found a transporter.
 45869 | WizLab   | Found a transporter.
 45884 | WizLab   | Received a gift from Yredelemnul (a ghoul)
 45907 | WizLab   | Found a transporter.
 45943 | WizLab   | Found a transporter.
 45943 | WizLab   | Found a transporter.
 45988 | WizLab   | Found a transporter.
 45988 | WizLab   | Found a transporter.
 46039 | WizLab   | Found a transporter.
 46039 | WizLab   | Found a transporter.
 46079 | WizLab   | Found a transporter.
 46087 | WizLab   | Received a gift from Yredelemnul (a skeletal warrior)
 46089 | WizLab   | Identified Sif Muna's Almanac of the Voyage
 46093 | WizLab   | Got a crude cloak
 46096 | WizLab   | Got a translucent cloak
 46119 | WizLab   | Got an ancient cloak
 46251 | Depths:4 | Identified the +0 cloak of the Boiling Point {rElec Slay+3}
                  | (You found it in a wizard's laboratory)
 46261 | Depths:4 | Identified the cursed +0 cloak of Hepliaklqana's Hope {+Inv
                  | Str+2 Int+5 Dex-3} (You found it in a wizard's laboratory)
 46272 | Depths:4 | Identified the cursed +0 cloak of Peek-a-Boo {rF- Str+3
                  | Stlth+} (You found it in a wizard's laboratory)
 46407 | Depths:4 | Found a gateway to a ziggurat.
 46514 | Depths:4 | Received a gift from Yredelemnul (a flayed ghost)
 46526 | Depths:4 | Found a gateway to a bazaar.
 46540 | Bazaar   | Entered a bazaar
 46540 | Bazaar   | Found Rafech's Antique Armour Shoppe.
 46540 | Bazaar   | Found Elusk's Gadget Shoppe.
 46560 | Bazaar   | Found Amachek's General Store.
 46568 | Bazaar   | Bought a scroll of holy word for 82 gold pieces
 46568 | Bazaar   | Bought a scroll of teleportation for 33 gold pieces
 46568 | Bazaar   | Bought a scroll of enchant weapon for 82 gold pieces
 46579 | Bazaar   | Found Tuifo's Magic Scroll Emporium.
 46587 | Bazaar   | Bought a scroll of teleportation for 33 gold pieces
 46587 | Bazaar   | Bought a scroll of teleportation for 33 gold pieces
 46587 | Bazaar   | Bought a scroll of enchant weapon for 82 gold pieces
 46590 | Bazaar   | Found Itiawyhoi's Antique Weapon Boutique.
 47102 | Depths:5 | Entered Level 5 of the Depths
 47250 | Depths:5 | Killed a juggernaut
 47293 | Depths:5 | Noticed a juggernaut
 47304 | Depths:5 | Killed a juggernaut
 47304 | Depths:5 | Enslaved a juggernaut
 47312 | Depths:5 | Received a gift from Yredelemnul (a skeletal warrior)
 47465 | Depths:5 | Noticed a golden dragon
 47468 | Depths:5 | Found a gate to the Realm of Zot.
 47490 | Depths:5 | Killed a golden dragon
 47493 | Depths:5 | Killed a golden dragon
 47542 | Depths:5 | Identified the +5 arbalest of Conscience {vorpal, rPois
                  | Dex+2}
 48390 | Vaults:1 | Entered Level 1 of the Vaults
 48445 | Vaults:1 | Received a gift from Yredelemnul (a ghoul)
 48606 | Vaults:1 | Found Yllagakh's Armour Emporium.
 48618 | Vaults:1 | Bought the +27 Lear's hauberk for 2081 gold pieces
 48618 | Vaults:1 | Found the +27 Lear's hauberk
 48704 | Vaults:1 | Bought a +1 hat for 176 gold pieces
 48974 | Vaults:1 | Received a gift from Yredelemnul (a flayed ghost)
 49178 | Vaults:1 | Received a gift from Yredelemnul (a skeletal warrior)
 49259 | Vaults:1 | Reached XP level 22. HP: 197/210 MP: 32/32
 49283 | Vaults:1 | Received a gift from Yredelemnul (a flayed ghost)
 49626 | Vaults:1 | Received a gift from Yredelemnul (a flayed ghost)
 49965 | Vaults:2 | Found a portal to a secret trove of treasure.
 50563 | Vaults:2 | You paid a toll of a +7 demon trident to enter a treasure
                  | trove
 50564 | Trove    | Entered a treasure trove
 50578 | Trove    | Got a coiled diamond amulet
 50582 | Trove    | Got a glittering jade amulet
 50643 | Trove    | Identified the amulet of the Heavens {+Rage rElec rPois}
                  | (You found it in a treasure trove)
 50644 | Trove    | Identified the amulet "Foromis" {Harm *Drain rPois rF+
                  | Stlth+} (You found it in a treasure trove)
 50648 | Trove    | Identified the +0 pair of boots "Biumpef" {rElec rC- MR-
                  | SInv} (You found it in a treasure trove)
 50769 | Vaults:2 | Received a gift from Yredelemnul (a ghoul)
 50819 | Vaults:2 | Found Tapoh's Gadget Boutique.
 51123 | Vaults:2 | Received a gift from Yredelemnul (a flayed ghost)
 51144 | Vaults:2 | Found Xikhlicrong's Jewellery Shop.
 51211 | Vaults:2 | Received a gift from Yredelemnul (a phantasmal warrior)
 51458 | Vaults:2 | Found Eloestrai's Distillery.
 51478 | Vaults:2 | Received a gift from Yredelemnul (a vampire knight)
 51504 | Vaults:2 | Bought 2 potions of haste for 400 gold pieces
 51504 | Vaults:2 | Bought a potion of haste for 200 gold pieces
 51663 | Vaults:3 | Received a gift from Yredelemnul (a phantasmal warrior)
 51705 | Vaults:3 | Noticed Margery
 51714 | Vaults:3 | Killed Margery
 52056 | Vaults:3 | Noticed Nikola
 52066 | Vaults:3 | Killed Nikola
 52177 | Vaults:3 | Noticed Sojobo
 52198 | Vaults:3 | Killed Sojobo
 52377 | Vaults:3 | Received a gift from Yredelemnul (a vampire)
 52557 | Vaults:3 | Received a gift from Yredelemnul (a vampire)
 52822 | Vaults:3 | Received a gift from Yredelemnul (a skeletal warrior)
 53045 | Vaults:3 | Received a gift from Yredelemnul (a ghoul)
 53301 | Vaults:3 | Found a staircase to the Crypt.
 53477 | Vaults:4 | Received a gift from Yredelemnul (a ghoul)
 53531 | Vaults:4 | Got a polished leather armour
 53627 | Vaults:4 | Received a gift from Yredelemnul (a flayed ghost)
 53646 | Vaults:4 | Reached XP level 23. HP: 220/220 MP: 34/34
 53787 | Vaults:4 | Received a gift from Yredelemnul (a vampire)
 54534 | Vaults:5 | Entered Level 5 of the Vaults
 54551 | Vaults:5 | Received a gift from Yredelemnul (a flayed ghost)
 54560 | Vaults:5 | Received a gift from Yredelemnul (a skeletal warrior)
 54566 | Vaults:5 | Noticed an ancient lich
 54576 | Vaults:5 | Killed an ancient lich
 54598 | Vaults:5 | Noticed an ancient lich
 54611 | Vaults:5 | Killed an ancient lich
 54611 | Vaults:5 | Received a gift from Yredelemnul (a vampire knight)
 55093 | Vaults:5 | Received a gift from Yredelemnul (a vampire)
 55190 | Vaults:5 | Noticed an ancient lich
 55205 | Vaults:5 | Killed an ancient lich
 55318 | Vaults:5 | Got a silken robe
 55327 | Vaults:5 | Got a silver rune of Zot
 55571 | Vaults:5 | Received a gift from Yredelemnul (a vampire knight)
 55609 | Vaults:5 | Got a warped plate armour
 55610 | Vaults:5 | Identified the +4 plate armour "Ytwuhoa" {rF+} (You found
                  | it on level 5 of the Vaults)
 56056 | Vaults:5 | Received a gift from Yredelemnul (a ghoul)
 56146 | Vaults:5 | Identified the Tome of Icy Earth
 56849 | Temple   | Fell from the grace of Yredelemnul
 56849 | Temple   | Became a worshipper of the Shining One
 57275 | Crypt:1  | Entered Level 1 of the Crypt
 57390 | Crypt:1  | Reached * piety under the Shining One
 57654 | Crypt:1  | Found a runed translucent door.
 57655 | Crypt:1  | Found a shimmering altar of Xom.
 57655 | Crypt:1  | Noticed Usaatre's ghost (veteran MiBe)
 57656 | Crypt:1  | Identified the +12 war axe of the First Hells {chaos, rElec
                  | rC- rN+++ Str+4}
 57824 | Crypt:1  | Reached ** piety under the Shining One
 57995 | Crypt:2  | Reached XP level 24. HP: 224/231 MP: 34/34
 58257 | Crypt:2  | Reached *** piety under the Shining One
 58367 | Crypt:2  | Found the +4 moon troll leather armour {Spirit, Regen++
                  | MP+5}
 58767 | Crypt:3  | Entered Level 3 of the Crypt
 58767 | Crypt:3  | Reached **** piety under the Shining One
 58992 | Crypt:3  | Reached ***** piety under the Shining One
 59011 | Crypt:3  | Found a staircase to the Tomb.
 59735 | Crypt:3  | Noticed an ancient lich
 59760 | Crypt:3  | Killed an ancient lich
 59763 | Crypt:3  | Got a fine scimitar
 59765 | Crypt:3  | Identified Urorrado's Collected Works on Necromancy
 60384 | Tomb:1   | Entered Level 1 of the Tomb of the Ancients
 60494 | Tomb:1   | Reached ****** piety under the Shining One
 60495 | Tomb:1   | Identified a +7 eudemon blade of holy wrath (a +5 demon
                  | blade blessed by the Shining One)
 60495 | Tomb:1   | Received a gift from the Shining One
 60911 | D:9      | Fell from the grace of the Shining One
 60911 | D:9      | Became a worshipper of Zin the Law-Giver
 60911 | D:9      | Reached * piety under Zin
 60911 | D:9      | Reached ** piety under Zin
 60911 | D:9      | Reached *** piety under Zin
 60911 | D:9      | Reached **** piety under Zin
 60911 | D:9      | Reached ***** piety under Zin
 61289 | Depths:4 | Voluntarily entered the Abyss.
 61293 | Abyss:1  | Found a corrupted altar of Lugonu.
 61547 | Abyss:2  | Reached ****** piety under Zin
 62742 | Abyss:3  | Got an abyssal rune of Zot
 63207 | Abyss:3  | Found a corrupted altar of Lugonu.
 63211 | Abyss:3  | Reached XP level 25. HP: 219/240 MP: 34/34
 63253 | Abyss:3  | Paralysed by accursed screaming for 1 turns
 63617 | Depths:4 | Escaped the Abyss
 64035 | Pan      | Entered Pandemonium
 64193 | Pan      | Found a runed translucent door.
 64196 | Pan      | Found a runed translucent door.
 64198 | Pan      | Found a runed translucent door.
 64216 | Pan      | Found a runed translucent door.
 64231 | Pan      | Got a smelly ring mail
 64236 | Pan      | Noticed Vera the pandemonium lord
 64259 | Pan      | Killed Vera the pandemonium lord
 64259 | Pan      | Reached skill level 27 in Shields
 64362 | Pan      | Was forgiven by Yredelemnul
 65282 | Pan      | Found a transporter.
 65535 | Pan      | Found a transporter.
 68846 | Pan      | Got an ancient copper ring
 68858 | Pan      | Got a warped silver amulet
 68861 | Pan      | Identified the ring "Seov" {rElec Str+4 Int+4 Dex+4 Stlth-}
                  | (You found it in Pandemonium)
 68862 | Pan      | Identified the amulet of the Empire {rN+ Regen+} (You found
                  | it in Pandemonium)
 68878 | Pan      | Got a jewelled hand axe
 68907 | Pan      | Reached XP level 26. HP: 254/254 MP: 35/35
 69156 | Pan      | Found an exit through the horrors of the Abyss.
 69620 | Pan      | Took an exit into the Abyss.
 69620 | Abyss:1  | Escaped into the Abyss
 69809 | Abyss:1  | Noticed a juggernaut
 69813 | Depths:4 | Escaped the Abyss
 69824 | Depths:4 | Killed a juggernaut
 69828 | Pan      | Entered Pandemonium
 70272 | Pan      | Noticed Voypp the pandemonium lord
 70292 | Pan      | Killed Voypp the pandemonium lord
 70499 | Pan      | Got a pair of crude gloves
 70500 | Pan      | Identified the +2 pair of gloves of the Thoughtful Friends
                  | {rElec MR- Str+2} (You found it in Pandemonium)
 70733 | Pan      | Noticed Tomamucu the pandemonium lord
 71271 | Pan      | Killed Tomamucu the pandemonium lord
 71895 | Pan      | Noticed Yphuity the pandemonium lord
 71909 | Pan      | Killed Yphuity the pandemonium lord
 72105 | Pan      | Found an exit through the horrors of the Abyss.
 72676 | Pan      | Got a scorched leather armour
 72834 | Pan      | Found a huge runed translucent gate.
 72835 | Pan      | Found a huge runed translucent gate.
 72836 | Pan      | Found a huge runed translucent gate.
 72837 | Pan      | Found a huge runed translucent gate.
 72844 | Pan      | Found a huge runed translucent gate.
 72845 | Pan      | Found a huge runed translucent gate.
 72846 | Pan      | Found a huge runed translucent gate.
 73008 | Pan      | Noticed Kithycs the pandemonium lord
 73029 | Pan      | Killed Kithycs the pandemonium lord
 73589 | Pan      | Reached XP level 27. HP: 258/266 MP: 35/35
 73892 | Pan      | Noticed Ylusory the pandemonium lord
 73928 | Pan      | Killed Ylusory the pandemonium lord
 74142 | Pan      | Got a demonic rune of Zot
 74650 | Pan      | Found a huge runed translucent gate.
 74653 | Pan      | Found a huge runed translucent gate.
 74654 | Pan      | Found a huge runed translucent gate.
 74870 | Pan      | Found a huge runed translucent gate.
 74871 | Pan      | Found a huge runed translucent gate.
 74872 | Pan      | Found a huge runed translucent gate.
 74873 | Pan      | Found a huge runed translucent gate.
 75194 | Pan      | Noticed Xupan the pandemonium lord
 75207 | Pan      | Killed Xupan the pandemonium lord
 75524 | Pan      | Noticed Qoisa the pandemonium lord
 75543 | Pan      | Killed Qoisa the pandemonium lord
 76479 | Pan      | Noticed Juakliqi the pandemonium lord
 76503 | Pan      | Killed Juakliqi the pandemonium lord
 76585 | Pan      | Identified the cursed +1 scale mail "Qepeziha" {rC+}
 77083 | Pan      | Entered the realm of Gloorx Vloq.
 77264 | Pan      | Found an exit through the horrors of the Abyss.
 77767 | Pan      | Got a pair of heavily runed gloves
 77778 | Pan      | Identified the +1 pair of gloves of Mirth {rElec rN+++ MR-
                  | SInv} (You found it in Pandemonium)
 78248 | Pan      | Noticed Gloorx Vloq
 78272 | Pan      | Reached skill level 27 in Fighting
 78889 | Pan      | Killed Gloorx Vloq
 78911 | Pan      | Got a dark rune of Zot
 79081 | Pan      | Noticed Uprimpo the pandemonium lord
 79341 | Pan      | Reached skill level 27 in Long Blades
 79668 | Pan      | Killed Uprimpo the pandemonium lord
 79754 | Pan      | Found a runed translucent door.
 81415 | Pan      | Found an exit through the horrors of the Abyss.
 81953 | Pan      | Noticed Laneskou the pandemonium lord
 81957 | Pan      | Killed Laneskou the pandemonium lord
 82573 | Pan      | Entered the realm of Mnoleg.
 82621 | Pan      | Got a faintly glowing short sword
 82749 | Pan      | Paralysed by a floating eye for 4 turns
 82764 | Pan      | Paralysed by a floating eye for 3 turns
 82801 | Pan      | Noticed Mnoleg
 82819 | Pan      | Killed Mnoleg
 82942 | Pan      | Got a glowing rune of Zot
 83628 | Pan      | Entered the realm of Lom Lobon.
 83713 | Pan      | Got an encrusted whip
 84326 | Pan      | Reached skill level 27 in Armour
 84400 | Pan      | Noticed Lom Lobon
 84422 | Pan      | Killed Lom Lobon
 84428 | Pan      | Got a magical rune of Zot
 85408 | Pan      | Noticed Cacsotebb the pandemonium lord
 85431 | Pan      | Killed Cacsotebb the pandemonium lord
 86237 | Pan      | Identified the cursed +0 buckler of Zitenacs {rF+ MR++
                  | Int-5 Dex-5}
 87289 | Pan      | Identified the +3 buckler of a ziggurat {MR+}
 87350 | Pan      | Found a glowing golden altar of the Shining One.
 87350 | Pan      | Noticed a seraph
 87377 | Pan      | Killed a seraph
 87378 | Pan      | Identified the +8 hand crossbow of Trauma {flame, rN++}
 87378 | Pan      | Identified the +5 chain mail of Limited Liability {MR++
                  | MP+9}
 87378 | Pan      | Identified the cursed ring of a Million Ghosts {rC+ MR++
                  | Int-3}
 87526 | Pan      | Identified Eryjiz's Compendium of the Traveller
 87532 | Pan      | Identified the Almanac of Enhancements
 87535 | Pan      | Got a smoking shortbow
 87537 | Pan      | Identified the Guide on Gliding Snow
 87847 | Pan      | Identified the +1 tower shield "Saonunetz" {rF+ rC+ Int+4
                  | Dex-3}
 87978 | Pan      | Identified the +8 tower shield "Hidogiest" {rElec MR+
                  | Dex-2}
 88724 | Pan      | Found a glowing silver altar of Zin.
 89323 | Pan      | Identified the +8 double sword of Optimality {antimagic,
                  | rElec MR- Int+3} (You acquired it in Pandemonium)
 89323 | Pan      | Identified the ring "Kuog" {*Slow rC+ MR+ Dex+2} (You
                  | acquired it in Pandemonium)
 89323 | Pan      | Identified the +2 pair of boots of Satisfaction {rPois rN+
                  | MP-9 Int+5} (You acquired it in Pandemonium)
 90157 | Pan      | Noticed Liromag the pandemonium lord
 90161 | Pan      | Killed Liromag the pandemonium lord
 90920 | Pan      | Reached skill level 27 in Invocations
 91631 | Pan      | Entered the realm of Cerebov.
 91742 | Pan      | Identified the +12 hand axe of Patterns {vamp, Str+3}
 91841 | Pan      | Reached skill level 10 in Dodging
 92629 | Pan      | Identified the +6 sword of Cerebov {flame}
 92629 | Pan      | Noticed Cerebov
 92655 | Pan      | Killed Cerebov
 92707 | Pan      | Got a fiery rune of Zot
 92799 | Pan      | Got a pitted ivory ring
 92800 | Pan      | Identified the ring "Tikawoq" {*Tele *Corrode rN+ MR+} (You
                  | found it in Pandemonium)
 92810 | Pan      | Got a faintly glowing ring mail
 92835 | Pan      | Got a glittering marble ring
 92836 | Pan      | Identified the ring "Geiqiabe" {rElec SInv} (You found it
                  | in Pandemonium)
 93338 | Pan      | Noticed Jusereas the pandemonium lord
 93799 | Pan      | Reached skill level 15 in Dodging
 93939 | Pan      | Killed Jusereas the pandemonium lord
 94399 | Depths:4 | Escaped Pandemonium
 94440 | Hell     | Entered the Vestibule of Hell
 94440 | Hell     | Noticed Geryon
 94462 | Hell     | Killed Geryon
 94882 | Hell     | Found a gateway to the decaying netherworld of Tartarus.
 94951 | Hell     | Found a gateway to the freezing wastes of Cocytus.
 95100 | Hell     | Found a gateway to the Iron City of Dis.
 95166 | Hell     | Found a gateway to the ashen valley of Gehenna.
 95222 | Coc:1    | Entered Level 1 of Cocytus
101228 | Coc:6    | Gained mutation: You are clumsy. (Dex -2) [mutagenic glow]
101329 | Coc:6    | Gained mutation: Your body sometimes deteriorates upon
                  | taking damage. [mutagenic glow]
102207 | Coc:7    | Entered Level 7 of Cocytus
103741 | Coc:7    | Noticed Antaeus
103770 | Coc:7    | Killed Antaeus
103770 | Coc:7    | Reached skill level 27 in Dodging
103779 | Coc:7    | Got an icy rune of Zot
104169 | Dis:1    | Entered Level 1 of the Iron City of Dis
104274 | Dis:1    | You fall into a shaft and drop 1 floor!
104289 | Dis:2    | Reached skill level 5 in Unarmed Combat
105561 | Dis:2    | Reached skill level 10 in Unarmed Combat
108436 | Dis:5    | Reached skill level 15 in Unarmed Combat
110283 | Dis:7    | Entered Level 7 of the Iron City of Dis
110794 | Dis:7    | Got a scintillating bronze amulet
110795 | Dis:7    | Identified the amulet "Vovuv" {rN+ Regen+ Str-2 Dex+2} (You
                  | found it on level 7 of the Iron City of Dis)
112220 | Dis:7    | Identified the +4 staff of Dispater
112220 | Dis:7    | Noticed Dispater
112248 | Dis:7    | Killed Dispater
112258 | Dis:7    | Got a heavy robe
112272 | Dis:7    | Identified Seatwet's Incunabulum of Bewitching
                  | Confrontation
112280 | Dis:7    | Got an iron rune of Zot
112282 | Dis:7    | Got a glittering bronze amulet
112283 | Dis:7    | Identified the amulet of Wicaneq {Reflect rC+ Dex+3 SH+3}
                  | (You found it on level 7 of the Iron City of Dis)
113263 | Hell     | Upgraded the game from 0.25-a0-591-g2ad0d86 to
                  | 0.25-a0-598-gc9c9e4c
113309 | Tar:1    | Entered Level 1 of Tartarus
121045 | Tar:6    | Reached skill level 27 in Unarmed Combat
121080 | Tar:6    | Reached skill level 1 in Throwing
121589 | Tar:6    | Reached skill level 5 in Throwing
122215 | Tar:7    | Entered Level 7 of Tartarus
122458 | Tar:7    | Reached skill level 10 in Throwing
122890 | Tar:7    | Noticed Ereshkigal
123550 | Tar:7    | Got a fine crystal amulet
123551 | Tar:7    | Identified the amulet "Giaqirph" {Acrobat Int+7} (You found
                  | it on level 7 of Tartarus)
123555 | Tar:7    | Got a scorched leather armour
123624 | Tar:7    | Paralysed by Ereshkigal for 3 turns
123636 | Tar:7    | HP: 12/245 [Executioner[Ereshkigal] (6)]
123638 | Tar:7    | HP: 3/245 [Executioner[Ereshkigal] (12)]
123639 | Tar:7    | HP: 1/245 [Executioner[Ereshkigal] (3)]
123646 | Tar:7    | HP: 9/273 [blizzard demon/the air[Ereshkigal] (22)]
124046 | Tar:7    | Reached skill level 15 in Throwing
124122 | Tar:7    | Found the +0 pair of fencer's gloves {Riposte Dex+3}
124379 | Tar:7    | Killed Ereshkigal
124619 | Tar:7    | Noticed an ancient lich
124624 | Tar:7    | Killed an ancient lich
124702 | Tar:7    | Paralysed by you for 7 turns
124730 | Tar:7    | Got a bone rune of Zot
125392 | Geh:1    | Entered Level 1 of Gehenna
131057 | Geh:7    | Entered Level 7 of Gehenna
131127 | Geh:7    | Noticed the Serpent of Hell
131136 | Geh:7    | Killed the Serpent of Hell
132193 | Geh:7    | Got a faintly glowing tower shield
132761 | Geh:7    | Gained mutation: Your magical capacity is low. (-10% MP)
                  | [mutagenic glow]
132783 | Geh:7    | Gained mutation: You are frail. (-10% HP) [mutagenic glow]
132911 | Geh:7    | Identified the +7 sceptre of Asmodeus
132911 | Geh:7    | Noticed Asmodeus
132931 | Geh:7    | Killed Asmodeus
132935 | Geh:7    | Got an obsidian rune of Zot
133008 | Geh:7    | Identified the +2 tower shield of Henotheism {*Contam rF+
                  | Regen+} (You found it on level 7 of Gehenna)
133234 | Geh:7    | Reached skill level 1 in Staves
134244 | Slime:1  | Entered Level 1 of the Pits of Slime
135185 | Slime:2  | Reached skill level 5 in Staves
135699 | Slime:3  | Paralysed by a great orb of eyes for 2 turns
135717 | Slime:3  | Paralysed by a great orb of eyes for 6 turns
136564 | Slime:5  | Entered Level 5 of the Pits of Slime
136702 | Slime:5  | Found a viscous altar of Jiyva.
136703 | Slime:5  | Noticed the Royal Jelly
136893 | Slime:5  | Killed the Royal Jelly
137021 | Slime:5  | Got a serpentine zirconium amulet
137022 | Slime:5  | Identified the amulet of the Tired Suns {Reflect Fragile
                  | +Blink rPois Dex+4 SH+5} (You found it on level 5 of the
                  | Pits of Slime)
137038 | Slime:5  | Got a bloodstained flail
137059 | Slime:5  | Identified the Catalogue of Flamy Displacement
137074 | Slime:5  | Reached skill level 10 in Staves
137091 | Slime:5  | Got a steaming dagger
137096 | Slime:5  | Got a slimy rune of Zot
137098 | Slime:5  | Got a bloodstained hand crossbow
137126 | Slime:5  | Got a pair of faintly humming boots
137127 | Slime:5  | Identified the -3 pair of boots of Narcissism {rC+ rCorr}
                  | (You found it on level 5 of the Pits of Slime)
137154 | Slime:5  | Got a twisted chain mail
138288 | Tomb:1   | Noticed a greater mummy
138299 | Tomb:1   | Noticed a greater mummy
138301 | Tomb:1   | Killed a greater mummy
138306 | Tomb:1   | Noticed a greater mummy
138306 | Tomb:1   | Noticed a greater mummy
138310 | Tomb:1   | Noticed a greater mummy
138311 | Tomb:1   | Noticed a greater mummy
138733 | Tomb:1   | Killed a greater mummy
139112 | Tomb:1   | Identified the +7 mace of the Morning {flame, rF- rC+
                  | Str+2}
139180 | Tomb:2   | Noticed a greater mummy
139181 | Tomb:2   | Noticed a greater mummy
139183 | Tomb:2   | Noticed a greater mummy
139184 | Tomb:2   | Noticed a greater mummy
139355 | Tomb:2   | Killed a greater mummy
139447 | Tomb:2   | HP: 7/236 [something (36)]
139682 | Tomb:2   | Killed a greater mummy
139725 | Tomb:2   | HP: 9/234 [??? (5)]
139735 | Tomb:2   | HP: 9/239 [bennu (4)]
139737 | Tomb:2   | Zin protects you from harm!
139760 | Tomb:2   | HP: 10/239 [ushabti] (6)]
139760 | Tomb:2   | Zin protects you from harm!
140059 | Tomb:2   | Got a translucent spear
140097 | Tomb:2   | Killed a greater mummy
140326 | Tomb:2   | Killed a greater mummy
140591 | Tomb:1   | Noticed a greater mummy
140594 | Tomb:1   | Noticed a greater mummy
140606 | Tomb:1   | Killed a greater mummy
140614 | Tomb:1   | Killed a greater mummy
140857 | Tomb:1   | Killed a greater mummy
140857 | Tomb:1   | Reached skill level 27 in Throwing
140857 | Tomb:1   | Reached skill level 1 in Stealth
140859 | Tomb:1   | Noticed a greater mummy
140882 | Tomb:1   | Killed a greater mummy
141089 | Tomb:1   | Noticed a greater mummy
141099 | Tomb:1   | Killed a greater mummy
141105 | Tomb:1   | HP: 10/237 [??? (5)]
141110 | Tomb:1   | Noticed a greater mummy
141110 | Tomb:1   | HP: 7/237 [??? (3)]
141111 | Tomb:1   | Killed from afar by a greater mummy

Levels and vault maps discovered:
D:1:      wander_arrival_chamber, layout_rooms, skrybe_limestone_x,
          glass_columns_a
D:2:      minmay_alternating_diamond, layout_loops_ring,
          gammafunk_temple_overflow_claw
D:3:      layout_loops_ring, first_ration, uniq_robin, uniq_crazy_yiuf_cottage
D:4:      layout_gridville, uniq_menkaure
D:5:      gammafunk_cloud_chamber, layout_basic, minmay_temple_entry_offerings,
          enter_ossuary_1
D:6:      layout_rooms, uniq_pikel
D:7:      layout_loops_cross, chequers_jeans, grunt_ogre_cave
D:8:      layout_basic, basic_altar, serial_shops, shop_statue, uniq_psyche
D:9:      layout_layer_cave, old_standard_altar, elyvilon_altar_1,
          minmay_overflow_temple_star_hex, david_lair_shrubbed
D:10:     layout_rooms
D:11:     layout_cave_pools, serial_shops, nicolae_shop_statue_plus,
          kennysheep_generic_room_9
D:12:     layout_loops_cross, zombieorc2_lemuel, serial_shops,
          kennysheep_little_box, nicolae_shop_stone,
          hangedman_decor_peaks_small, minmay_statue_bubble, uniq_erolcha
D:13:     layout_roguey, david_vaults_2
D:14:     layout_roguey [special_room_orc], wad_floor_pattern_untrapped,
          minmay_guarded_unrand_prune, uniq_louise
D:15:     grunt_enter_depths_snipers, layout_basic, item_on_display_a,
          uniq_agnes
Temple:   hc_temple_tempest_star
Lair:1:   layout_misc_corridors, uniq_urug
Lair:2:   layout_hall_layers, minmay_shoals_entry_hut, special_room
          [special_room_bee], st_stairs_12
Lair:3:   dpeg_oklob_gauntlet, layout_loops_ring, spider_nest_entry_webs,
          serial_bayou_lake_a
Lair:4:   pond_and_an_island_with_a_cottage, layout_long_grid,
          cheibrodos_lair_caveside_slide, chequers_serial_rivers_micro_e,
          serial_bayou_shore_a, uniq_kirke
Lair:5:   layout_big_grid, nicolae_slime_entry_slimehenge
Lair:6:   evilmike_catoblepas_cave, layout_regular_city, zaba_antful_of_joy,
          minmay_lair_oklob_chamber
Shoals:1: nicolae_shoals_island_circles, layout_shoals, uniq_frances
Shoals:2: layout_shoals, nicolae_shoals_wave_tunnel
Shoals:3: layout_shoals, nicolae_shoals_kraken_intersection
Shoals:4: shoals_end_simple, layout_shoals, serial_shops, nicolae_shop_crystal,
          nicolae_shoals_drake_roost
Spider:1: layout_spider_delve, portal_ice_cave_entry_pillars_1
Spider:2: nicolae_spider_mines_1, drop_trap, hangedman_spider_tarantella_strand,
          uniq_azrael
Spider:3: layout_spider_delve, uniq_arachne
Spider:4: spider_rune_water, drop_trap
Slime:1:  layout_caves, nicolae_slime_barrier, nicolae_slime_phagocytosis
Slime:2:  layout_caves
Slime:3:  layout_caves
Slime:4:  layout_caves
Slime:5
Orc:1:    layout_caves
Orc:2:    st_orc_open, layout_diamond_mine, nicolae_volcano_entry_batcave,
          basic_altar, uniq_jorgrun, uniq_donald
Elf:1:    eino_elf_arrival_the_gate, layout_geoelf_diagonals, special_room
          [special_room_orc], serial_shops, shop_statue, minmay_elf_necromancy
Elf:2:    layout_geoelf_octagon, basic_altar, uniq_roxanne
Elf:3:    minmay_elf_hall_x, layout_geoelf_castle, ebering_ghost_rock_garden,
          serial_shops, nicolae_shop_waterfront
Vaults:1: hangedman_vaults_trim, grunt_vaults_trifunnel, st_greater_box_3,
          nicolae_vaults_little_squares_4, hangedman_vaults_snaps, v_rooms_6,
          v_rooms_3, v_alt_pattern_6, nicolae_vaults_rhombus_5,
          layout_vaults_omnicross, serial_shops, nicolae_shop_window_shopping
Vaults:2: dpeg_vaults_monster_box, v_misc_10, vaults_mumra_hexcomb, v_misc_4,
          v_misc_15, hangedman_vaults_stitches, nicolae_vaults_asterisk,
          nicolae_vaults_stairing_the_circle, grunt_vaults_diagonal,
          layout_vaults_omnibox, nicolae_trove_entry_free_sample, serial_shops,
          shop_fountains, nicolae_shop_trees, nicolae_shop_behind_doors
Vaults:3: special_room_vaults [special_room_orc],
          nicolae_vaults_little_squares_3, blue_anna_dwarven_crypt, v_pattern_3,
          nicolae_vaults_three_branches,
          vaults_standard_mumra_enter_the_diamond, ontoclasm_vaults_spin,
          hangedman_vaults_unwind, nicolae_vaults_circle_grid_b, v_rooms_2,
          vaults_room_pools, layout_vaults_ring, uniq_nikola, uniq_margery,
          uniq_sojobo
Vaults:4: nicolae_vaults_network_s, nicolae_vaults_angled_halls,
          nicolae_vaults_diagonal_hallway_7, v_alt_pattern_3,
          hangedman_vaults_cutoff, layout_vaults_omnigrid
Vaults:5
Crypt:1:  layout_gridlike, ebering_ghost_xom, grunt_crypt_arrival_split
Crypt:2:  layout_gridlike
Crypt:3:  david_glass_crypt, layout_chaotic_city, tomb_entry_sphere_bobbens
Tomb:1
Tomb:2
Depths:1: layout_cave_shapes, nicolae_two_hexagons, serial_shops,
          nicolae_shop_waterfront, shop, nicolae_shop_waterfront,
          kennysheep_mini, hell_entry, hangedman_blasphemy
Depths:2: hangedman_slaughterboxes, hell_entry, pan_entry, uniq_bai_suzhen
Depths:3: minmay_tri_box, layout_gridlike, grunt_pan_entry_zigzag,
          pf_vacation_house_of_asmodeus, minmay_parallelograms,
          item_on_display_a, infiniplex_staircase_pillars_2, uniq_xtahua
Depths:4: minmay_haunted_quarter, layout_gridlike, enter_ziggurat_a,
          grunt_decor_mini_mirrors, abyss_entry_small_statue_room,
          rand_demon_pan_entry_3, hell_entry, mu_enter_wizlab_7, serial_shops,
          statue_bzr
Depths:5: grunt_zot_entry_tricorne, layout_cave_shapes, abyss_entry, hell_entry
Hell
Dis:1:    layout_regular_city
Dis:2:    lemuel_dis_dragons, layout_chaotic_city
Dis:3:    layout_chaotic_city
Dis:4:    layout_jigsaw
Dis:5:    layout_regular_city, hangedman_dis_chains
Dis:6:    layout_subdivisions
Dis:7:    dis_grunt_layers
Geh:1:    layout_gehenna_pools_box, grunt_megastairs_2
Geh:2:    layout_gehenna_pools_basic
Geh:3:    layout_gehenna_pools_triple
Geh:4:    layout_gehenna_pools_box, grunt_megastairs_5
Geh:5:    layout_gehenna_lava_caves
Geh:6:    layout_gehenna_lava_caves
Geh:7:    geh_hangedman
Coc:1:    layout_cocytus_water_paths
Coc:2:    layout_cocytus_delve
Coc:3:    layout_cocytus_water_paths
Coc:4:    layout_cocytus_water_paths, serial_ice, serial_ice_n, serial_ice_b,
          serial_ice_e
Coc:5:    layout_ice_bergs
Coc:6:    layout_cocytus_water_paths
Coc:7:    coc_old
Tar:1:    layout_grid_maze
Tar:2:    layout_cathedral_of_symmetry, nicolae_tar_fractal_crypt
Tar:3:    layout_grid_maze
Tar:4:    layout_grid_maze
Tar:5:    layout_grid_maze
Tar:6:    layout_grid_maze
Tar:7:    tar_grunt_cathedral

Skill      XL: |  1  2  3  4  5  6  7  8  9 10 11 12 13 14 15 16 17 18 19 20 21 22 23 24 25 26 27 |
---------------+----------------------------------------------------------------------------------+-----
Fighting       | 4 5 6 7 8 9 11 12 13 14 15 16 17 18 19 20 21 22 23 25 27 | 27.0
Armour         | 4 5 6 8 9 10 12 14 15 16 17 18 19 20 21 22 23 27 | 27.0
Long Blades    | 3 4 5 6 7 9 11 13 14 15 16 17 18 19 20 21 22 23 25 27 | 27.0
Dodging        | 1 2 3 4 5 27 | 27.0
Shields        | 4 5 6 7 9 11 12 13 14 16 17 19 22 23 24 25 26 27 | 27.0
Invocations    | 1 4 5 7 9 10 12 13 14 15 16 17 18 19 27 | 27.0
Unarmed Combat | 27 | 27.0
Throwing       | 27 | 27.0
Staves         | 13 | 13.9
Stealth        | 3 |  3.9
Short Blades   | |  0.9

Action                   |  1- 3 |  4- 6 |  7- 9 | 10-12 | 13-15 | 16-18 | 19-21 | 22-24 | 25-27 || total
-------------------------+-------+-------+-------+-------+-------+-------+-------+-------+-------++-------
Melee: Long sword        |    71 |   146 |   320 |   578 |   335 |       |       |   695 |       ||  2145
       Headbutt          |    14 |    28 |    78 |   152 |   356 |   318 |   533 |   882 |  4843 ||  7204
       Dagger            |       |       |       |    10 |    21 |       |       |       |       ||    31
       Falchion          |       |       |       |       |   214 |       |       |       |       ||   214
       Demon blade       |       |       |       |       |   617 |  1035 |  1250 |   888 |       ||  3790
       Eudemon blade     |       |       |       |       |       |       |       |   435 | 12033 || 12468
Invok: Animate Remains   |       |       |       |    12 |       |       |       |       |       ||    12
       Animate Dead      |       |       |       |     4 |    78 |    99 |    71 |    62 |       ||   314
       Recall Undead Sla |       |       |       |     1 |    17 |    13 |     9 |     5 |       ||    45
       Drain Life        |       |       |       |       |     6 |    12 |     1 |       |       ||    19
       Enslave Soul      |       |       |       |       |       |       |     2 |       |       ||     2
       Recite            |       |       |       |       |       |       |       |     7 |   131 ||   138
       Sanctuary         |       |       |       |       |       |       |       |     4 |    16 ||    20
       Vitalisation      |       |       |       |       |       |       |       |     3 |    30 ||    33
       Cleansing Flame   |       |       |       |       |       |       |       |     3 |       ||     3
       Brand Weapon With |       |       |       |       |       |       |       |     1 |       ||     1
       Imprison          |       |       |       |       |       |       |       |       |     1 ||     1
Evoke: Wand              |       |       |       |       |       |       |       |     1 |     8 ||     9
  Use: Scroll            |     3 |     8 |     9 |    10 |     7 |    10 |     8 |    15 |    64 ||   134
       Potion            |       |     3 |       |     2 |     1 |     3 |       |     7 |    15 ||    31
 Stab: Distracted        |       |       |       |     1 |    15 |     9 |    35 |    35 |     2 ||    97
       Confused          |       |       |       |       |     1 |       |       |     1 |    68 ||    70
       Paralysed         |       |       |       |       |       |     4 |     4 |     2 |    10 ||    20
  Eat: Chunk             |     1 |     7 |    11 |    22 |    60 |    67 |    53 |    48 |    17 ||   286
       Ration            |       |       |     1 |     3 |     4 |     4 |     3 |     6 |    73 ||    94
Armor: Scale mail        |    42 |    86 |   179 |   113 |       |       |       |       |       ||   420
       Plate armour      |       |       |       |   129 |       |    18 |       |       |       ||   147
       Crystal plate arm |       |       |       |   191 |   792 |   653 |   463 |   748 |  3405 ||  6252
Dodge: Dodged            |    50 |   101 |   165 |   249 |   326 |   311 |   256 |   583 |  5359 ||  7400
Block: Buckler           |       |     9 |    87 |   175 |   397 |   129 |       |       |       ||   797
       Kite shield       |       |       |       |       |       |   526 |   871 |  1652 |  9675 || 12724
       Tower shield      |       |       |       |       |       |       |       |       |  1208 ||  1208
       Reflection        |       |       |       |       |       |       |       |       |     6 ||     6
       Rpst.: Long sword |    10 |    25 |    46 |    75 |    36 |       |       |    30 |       ||   222
       Falchion          |       |       |       |       |    18 |       |       |       |       ||    18
       Demon blade       |       |       |       |       |    33 |    65 |    46 |    33 |       ||   177
       Eudemon blade     |       |       |       |       |       |       |       |    29 |  1099 ||  1128

Table legend:
 A = Non-vault XP
 B = Vault XP
 C = Vault XP percentage of total XP
 D = Non-vault monster count
 E = Vault monster count
 F = Vault count percentage of total count
                 A         B        C        D         E       F
            +---------+---------+-------+---------+---------+-------
      Total | 2782965 | 1702784 |  38.0 |    4937 |    1914 |  27.9
            +---------+---------+-------+---------+---------+-------
        D:1 |      53 |       0 |   0.0 |      23 |       0 |   0.0
        D:2 |      19 |       2 |   9.5 |      10 |       1 |   9.1
        D:3 |     114 |      74 |  39.4 |      30 |      10 |  25.0
        D:4 |     207 |     165 |  44.4 |       9 |       1 |  10.0
        D:5 |     751 |     387 |  34.0 |      26 |       3 |  10.3
        D:6 |     668 |     641 |  49.0 |      18 |       1 |   5.3
        D:7 |     971 |     118 |  10.8 |      24 |       1 |   4.0
        D:8 |    1377 |     819 |  37.3 |      28 |       2 |   6.7
        D:9 |    3397 |       0 |   0.0 |      33 |       0 |   0.0
       D:10 |    2308 |       0 |   0.0 |      28 |       0 |   0.0
       D:11 |    4150 |      56 |   1.3 |      21 |       1 |   4.5
       D:12 |    1130 |    2158 |  65.6 |       8 |      38 |  82.6
       D:13 |    7883 |    1743 |  18.1 |      42 |       3 |   6.7
       D:14 |   10689 |    4584 |  30.0 |      33 |      33 |  50.0
       D:15 |   15500 |    3790 |  19.6 |      55 |       4 |   6.8
     Lair:1 |    4460 |    1308 |  22.7 |      20 |      10 |  33.3
     Lair:2 |    3544 |    1511 |  29.9 |      25 |      18 |  41.9
     Lair:3 |    3610 |    1280 |  26.2 |      16 |       5 |  23.8
     Lair:4 |    7999 |    2582 |  24.4 |      33 |       9 |  21.4
     Lair:5 |    4034 |      65 |   1.6 |      14 |       6 |  30.0
     Lair:6 |    7496 |   17784 |  70.3 |      31 |      71 |  69.6
   Shoals:1 |    3699 |    1238 |  25.1 |      15 |       1 |   6.2
   Shoals:2 |    9695 |    1152 |  10.6 |      38 |       7 |  15.6
   Shoals:3 |    9212 |    1474 |  13.8 |      34 |       1 |   2.9
   Shoals:4 |    8662 |   16942 |  66.2 |      30 |      38 |  55.9
   Spider:1 |   11765 |       0 |   0.0 |      60 |       0 |   0.0
   Spider:2 |    9445 |    2661 |  22.0 |      35 |      13 |  27.1
   Spider:3 |    5733 |    2680 |  31.9 |      16 |       1 |   5.9
   Spider:4 |   10498 |   15432 |  59.5 |      47 |      44 |  48.4
    Slime:1 |   22358 |    1083 |   4.6 |      55 |       3 |   5.2
    Slime:2 |   13983 |       0 |   0.0 |      28 |       0 |   0.0
    Slime:3 |   10313 |       0 |   0.0 |      17 |       0 |   0.0
    Slime:4 |   18930 |       0 |   0.0 |      20 |       0 |   0.0
    Slime:5 |   14062 |   28661 |  67.1 |      18 |      12 |  40.0
      Orc:1 |     512 |       0 |   0.0 |       6 |       0 |   0.0
      Orc:2 |    2853 |   16795 |  85.5 |      51 |      42 |  45.2
      Elf:1 |   12671 |   12544 |  49.7 |      24 |      34 |  58.6
      Elf:2 |   20195 |   15972 |  44.2 |      40 |      28 |  41.2
      Elf:3 |   25852 |   36565 |  58.6 |      52 |      33 |  38.8
   Vaults:1 |   16955 |   39384 |  69.9 |      39 |      80 |  67.2
   Vaults:2 |   21003 |   15170 |  41.9 |      43 |      32 |  42.7
   Vaults:3 |   31312 |   43859 |  58.3 |      62 |      63 |  50.4
   Vaults:4 |   14186 |    7663 |  35.1 |      45 |      16 |  26.2
   Vaults:5 |   21190 |   99739 |  82.5 |      44 |      93 |  67.9
    Crypt:1 |    7532 |       0 |   0.0 |      17 |       0 |   0.0
    Crypt:2 |   19114 |       0 |   0.0 |      22 |       0 |   0.0
    Crypt:3 |   19433 |   35873 |  64.9 |      24 |      23 |  48.9
     Tomb:1 |   14576 |   74061 |  83.6 |      29 |      40 |  58.0
     Tomb:2 |   12301 |   57029 |  82.3 |      27 |      54 |  66.7
   Depths:1 |   17404 |    7198 |  29.3 |      37 |      11 |  22.9
   Depths:2 |       0 |   82320 | 100.0 |       0 |      87 | 100.0
   Depths:3 |   42423 |   17083 |  28.7 |      55 |      19 |  25.7
   Depths:4 |   36827 |    9421 |  20.4 |      55 |       7 |  11.3
   Depths:5 |   25740 |   18787 |  42.2 |      28 |      15 |  34.9
       Hell |   27643 |   29516 |  51.6 |      41 |      49 |  54.4
      Dis:1 |   15603 |       0 |   0.0 |      36 |       0 |   0.0
      Dis:2 |   32382 |   15554 |  32.4 |      55 |       9 |  14.1
      Dis:3 |   36530 |       0 |   0.0 |      68 |       0 |   0.0
      Dis:4 |   25133 |       0 |   0.0 |      48 |       0 |   0.0
      Dis:5 |   25966 |       0 |   0.0 |      57 |       0 |   0.0
      Dis:6 |   48149 |       0 |   0.0 |      57 |       0 |   0.0
      Dis:7 |   39982 |  114726 |  74.2 |      75 |      83 |  52.5
      Geh:1 |   23442 |    2903 |  11.0 |      55 |       4 |   6.8
      Geh:2 |   33367 |       0 |   0.0 |      73 |       0 |   0.0
      Geh:3 |   40685 |       0 |   0.0 |      90 |       0 |   0.0
      Geh:4 |   42684 |     831 |   1.9 |      84 |       4 |   4.5
      Geh:5 |   44147 |       0 |   0.0 |      93 |       0 |   0.0
      Geh:6 |   45960 |       0 |   0.0 |      87 |       0 |   0.0
      Geh:7 |   34790 |  100853 |  74.4 |      76 |      82 |  51.9
      Coc:1 |   33159 |       0 |   0.0 |      80 |       0 |   0.0
      Coc:2 |   24935 |       0 |   0.0 |      55 |       0 |   0.0
      Coc:3 |   56103 |       0 |   0.0 |     105 |       0 |   0.0
      Coc:4 |   35113 |    1049 |   2.9 |      91 |       4 |   4.2
      Coc:5 |   73969 |       0 |   0.0 |      92 |       0 |   0.0
      Coc:6 |   56555 |       0 |   0.0 |     105 |       0 |   0.0
      Coc:7 |  104901 |   61475 |  36.9 |      87 |      43 |  33.1
      Tar:1 |   82687 |       0 |   0.0 |     112 |       0 |   0.0
      Tar:2 |   37344 |   10615 |  22.1 |      72 |      16 |  18.2
      Tar:3 |   35043 |       0 |   0.0 |      45 |       0 |   0.0
      Tar:4 |   55812 |       0 |   0.0 |      63 |       0 |   0.0
      Tar:5 |   35492 |       0 |   0.0 |      57 |       0 |   0.0
      Tar:6 |   81794 |       0 |   0.0 |     117 |       0 |   0.0
      Tar:7 |  126185 |  111721 |  47.0 |     126 |      68 |  35.1
    Abyss:1 |   10686 |       0 |   0.0 |      11 |       0 |   0.0
    Abyss:2 |   11951 |    1988 |  14.3 |      27 |       5 |  15.6
    Abyss:3 |   76270 |   10989 |  12.6 |     143 |      26 |  15.4
        Pan |  737709 |  510682 |  40.9 |     914 |     377 |  29.2
    Ossuary |       0 |     340 | 100.0 |       0 |      16 | 100.0
      IceCv |       0 |   11393 | 100.0 |       0 |      59 | 100.0
    Volcano |       0 |    4391 | 100.0 |       0 |      15 | 100.0
     WizLab |       0 |   13905 | 100.0 |       0 |      40 | 100.0
            +---------+---------+-------+---------+---------+-------
